Workbook

Sheet COVER
B26: HP & Xerox Merger Model

Sheet SCENARIO
B1: Select case in the "FSM" sheets for each company | C1: Forecast
B2: Scenario Analysis Assumptions | C2: 2020 | D2: 2021 | E2: 2022 | F2: 2023 | G2: 2024
B4: HP Assumptions
B5: Revenue growth | C5: =OFFSET(C$10,MATCH('HP FSM'!$C$9,$B$11:$B$13,0)+MATCH($B5,$B$10:$B$25,0)-1,0) -> 0.01 | D5: =OFFSET(D$10,MATCH('HP FSM'!$C$9,$B$11:$B$13,0)+MATCH($B5,$B$10:$B$25,0)-1,0) -> 0.025 | E5: =OFFSET(E$10,MATCH('HP FSM'!$C$9,$B$11:$B$13,0)+MATCH($B5,$B$10:$B$25,0)-1,0) -> 0.05 | F5: =OFFSET(F$10,MATCH('HP FSM'!$C$9,$B$11:$B$13,0)+MATCH($B5,$B$10:$B$25,0)-1,0) -> 0.05 | G5: =OFFSET(G$10,MATCH('HP FSM'!$C$9,$B$11:$B$13,0)+MATCH($B5,$B$10:$B$25,0)-1,0) -> 0.05
B6: Gross profit as % of sales | C6: =OFFSET(C$10,MATCH('HP FSM'!$C$9,$B$11:$B$13,0)+MATCH($B6,$B$10:$B$25,0)-1,0) -> 0.185 | D6: =OFFSET(D$10,MATCH('HP FSM'!$C$9,$B$11:$B$13,0)+MATCH($B6,$B$10:$B$25,0)-1,0) -> 0.185 | E6: =OFFSET(E$10,MATCH('HP FSM'!$C$9,$B$11:$B$13,0)+MATCH($B6,$B$10:$B$25,0)-1,0) -> 0.185 | F6: =OFFSET(F$10,MATCH('HP FSM'!$C$9,$B$11:$B$13,0)+MATCH($B6,$B$10:$B$25,0)-1,0) -> 0.185 | G6: =OFFSET(G$10,MATCH('HP FSM'!$C$9,$B$11:$B$13,0)+MATCH($B6,$B$10:$B$25,0)-1,0) -> 0.185
B7: R&D margin | C7: =OFFSET(C$10,MATCH('HP FSM'!$C$9,$B$11:$B$13,0)+MATCH($B7,$B$10:$B$25,0)-1,0) -> 0.025 | D7: =OFFSET(D$10,MATCH('HP FSM'!$C$9,$B$11:$B$13,0)+MATCH($B7,$B$10:$B$25,0)-1,0) -> 0.025 | E7: =OFFSET(E$10,MATCH('HP FSM'!$C$9,$B$11:$B$13,0)+MATCH($B7,$B$10:$B$25,0)-1,0) -> 0.025 | F7: =OFFSET(F$10,MATCH('HP FSM'!$C$9,$B$11:$B$13,0)+MATCH($B7,$B$10:$B$25,0)-1,0) -> 0.025 | G7: =OFFSET(G$10,MATCH('HP FSM'!$C$9,$B$11:$B$13,0)+MATCH($B7,$B$10:$B$25,0)-1,0) -> 0.025
B8: SG&A margin | C8: =OFFSET(C$10,MATCH('HP FSM'!$C$9,$B$11:$B$13,0)+MATCH($B8,$B$10:$B$25,0)-1,0) -> 0.095 | D8: =OFFSET(D$10,MATCH('HP FSM'!$C$9,$B$11:$B$13,0)+MATCH($B8,$B$10:$B$25,0)-1,0) -> 0.095 | E8: =OFFSET(E$10,MATCH('HP FSM'!$C$9,$B$11:$B$13,0)+MATCH($B8,$B$10:$B$25,0)-1,0) -> 0.095 | F8: =OFFSET(F$10,MATCH('HP FSM'!$C$9,$B$11:$B$13,0)+MATCH($B8,$B$10:$B$25,0)-1,0) -> 0.095 | G8: =OFFSET(G$10,MATCH('HP FSM'!$C$9,$B$11:$B$13,0)+MATCH($B8,$B$10:$B$25,0)-1,0) -> 0.095
B10: Revenue Growth
B11: Best case | C11: 0.075 | D11: 0.075 | E11: 0.1 | F11: 0.1 | G11: 0.1
B12: Base case | C12: 0.01 | D12: 0.025 | E12: 0.05 | F12: 0.05 | G12: 0.05
B13: Weak case | C13: 0.006325 | D13: 0.0125 | E13: 0.03 | F13: 0.0335 | G13: 0.05
B14: Gross profit as % of sales
B15: Best case | C15: 0.25 | D15: 0.25 | E15: 0.25 | F15: 0.25 | G15: 0.25
B16: Base case | C16: 0.185 | D16: 0.185 | E16: 0.185 | F16: 0.185 | G16: 0.185
B17: Weak case | C17: 0.1 | D17: 0.1 | E17: 0.1 | F17: 0.1 | G17: 0.1
B18: R&D Margin
B19: Best case | C19: 0.01 | D19: 0.01 | E19: 0.01 | F19: 0.01 | G19: 0.01
B20: Base case | C20: 0.025 | D20: 0.025 | E20: 0.025 | F20: 0.025 | G20: 0.025
B21: Weak case | C21: 0.05 | D21: 0.05 | E21: 0.05 | F21: 0.05 | G21: 0.05
B22: SG&A Margin
B23: Best case | C23: 0.0325 | D23: 0.0325 | E23: 0.0325 | F23: 0.0325 | G23: 0.0325
B24: Base case | C24: 0.095 | D24: 0.095 | E24: 0.095 | F24: 0.095 | G24: 0.095
B25: Weak case | C25: 0.15 | D25: 0.15 | E25: 0.15 | F25: 0.15 | G25: 0.15
B27: Xerox Assumptions
B28: Revenue growth | C28: =OFFSET(C$33,MATCH('XEROX FSM'!$C$9,$B$34:$B$36,0)+MATCH($B28,$B$33:$B$48,0)-1,0) -> 0.01 | D28: =OFFSET(D$33,MATCH('XEROX FSM'!$C$9,$B$34:$B$36,0)+MATCH($B28,$B$33:$B$48,0)-1,0) -> 0.025 | E28: =OFFSET(E$33,MATCH('XEROX FSM'!$C$9,$B$34:$B$36,0)+MATCH($B28,$B$33:$B$48,0)-1,0) -> 0.05 | F28: =OFFSET(F$33,MATCH('XEROX FSM'!$C$9,$B$34:$B$36,0)+MATCH($B28,$B$33:$B$48,0)-1,0) -> 0.05 | G28: =OFFSET(G$33,MATCH('XEROX FSM'!$C$9,$B$34:$B$36,0)+MATCH($B28,$B$33:$B$48,0)-1,0) -> 0.05
B29: Gross profit as % of sales | C29: =OFFSET(C$33,MATCH('XEROX FSM'!$C$9,$B$34:$B$36,0)+MATCH($B29,$B$33:$B$48,0)-1,0) -> 0.4 | D29: =OFFSET(D$33,MATCH('XEROX FSM'!$C$9,$B$34:$B$36,0)+MATCH($B29,$B$33:$B$48,0)-1,0) -> 0.4 | E29: =OFFSET(E$33,MATCH('XEROX FSM'!$C$9,$B$34:$B$36,0)+MATCH($B29,$B$33:$B$48,0)-1,0) -> 0.4 | F29: =OFFSET(F$33,MATCH('XEROX FSM'!$C$9,$B$34:$B$36,0)+MATCH($B29,$B$33:$B$48,0)-1,0) -> 0.4 | G29: =OFFSET(G$33,MATCH('XEROX FSM'!$C$9,$B$34:$B$36,0)+MATCH($B29,$B$33:$B$48,0)-1,0) -> 0.4
B30: R&D margin | C30: =OFFSET(C$33,MATCH('XEROX FSM'!$C$9,$B$34:$B$36,0)+MATCH($B30,$B$33:$B$48,0)-1,0) -> 0.04 | D30: =OFFSET(D$33,MATCH('XEROX FSM'!$C$9,$B$34:$B$36,0)+MATCH($B30,$B$33:$B$48,0)-1,0) -> 0.04 | E30: =OFFSET(E$33,MATCH('XEROX FSM'!$C$9,$B$34:$B$36,0)+MATCH($B30,$B$33:$B$48,0)-1,0) -> 0.04 | F30: =OFFSET(F$33,MATCH('XEROX FSM'!$C$9,$B$34:$B$36,0)+MATCH($B30,$B$33:$B$48,0)-1,0) -> 0.04 | G30: =OFFSET(G$33,MATCH('XEROX FSM'!$C$9,$B$34:$B$36,0)+MATCH($B30,$B$33:$B$48,0)-1,0) -> 0.04
B31: SG&A margin | C31: =OFFSET(C$33,MATCH('XEROX FSM'!$C$9,$B$34:$B$36,0)+MATCH($B31,$B$33:$B$48,0)-1,0) -> 0.3 | D31: =OFFSET(D$33,MATCH('XEROX FSM'!$C$9,$B$34:$B$36,0)+MATCH($B31,$B$33:$B$48,0)-1,0) -> 0.3 | E31: =OFFSET(E$33,MATCH('XEROX FSM'!$C$9,$B$34:$B$36,0)+MATCH($B31,$B$33:$B$48,0)-1,0) -> 0.3 | F31: =OFFSET(F$33,MATCH('XEROX FSM'!$C$9,$B$34:$B$36,0)+MATCH($B31,$B$33:$B$48,0)-1,0) -> 0.3 | G31: =OFFSET(G$33,MATCH('XEROX FSM'!$C$9,$B$34:$B$36,0)+MATCH($B31,$B$33:$B$48,0)-1,0) -> 0.3
B33: Revenue Growth
B34: Best case | C34: 0.075 | D34: 0.075 | E34: 0.1 | F34: 0.1 | G34: 0.1
B35: Base case | C35: 0.01 | D35: 0.025 | E35: 0.05 | F35: 0.05 | G35: 0.05
B36: Weak case | C36: 0.006325 | D36: 0.0125 | E36: 0.03 | F36: 0.0335 | G36: 0.05
B37: Gross profit as % of sales
B38: Best case | C38: 0.42 | D38: 0.42 | E38: 0.42 | F38: 0.42 | G38: 0.42
B39: Base case | C39: 0.4 | D39: 0.4 | E39: 0.4 | F39: 0.4 | G39: 0.4
B40: Weak case | C40: 0.38 | D40: 0.38 | E40: 0.38 | F40: 0.38 | G40: 0.38
B41: R&D Margin
B42: Best case | C42: 0.02 | D42: 0.02 | E42: 0.02 | F42: 0.02 | G42: 0.02
B43: Base case | C43: 0.04 | D43: 0.04 | E43: 0.04 | F43: 0.04 | G43: 0.04
B44: Weak case | C44: 0.05 | D44: 0.05 | E44: 0.05 | F44: 0.05 | G44: 0.05
B45: SG&A Margin
B46: Best case | C46: 0.15 | D46: 0.15 | E46: 0.15 | F46: 0.15 | G46: 0.15
B47: Base case | C47: 0.3 | D47: 0.3 | E47: 0.3 | F47: 0.3 | G47: 0.3
B48: Weak case | C48: 0.45 | D48: 0.45 | E48: 0.45 | F48: 0.45 | G48: 0.45

Sheet HP FSM
B1: ($) in millions | C1: Historical | F1: Forecast
B2: =C4&" Financial Statements" -> HP Financial Statements | C2: 2017 | D2: 2018 | E2: 2019 | F2: 2020 | G2: 2021 | H2: 2022 | I2: 2023 | J2: 2024
B4: Company name | C4: HP
B5: Ticker | C5: HPQ
B6: Share price as of last close | C6: 13.95
B7: Latest closing share price date | C7: 43910
B8: Latest fiscal year end date | C8: 43769
B9: Scenario | C9: Base case
B10: Circuit breaker | C10: OFF
A12: x | B12: INCOME STATEMENT
B14: Revenue | C14: 52056 | D14: 58472 | E14: 58756 | F14: =E14*(1+F38) -> 59343.56 | G14: =F14*(1+G38) -> 60827.149 | H14: =G14*(1+H38) -> 63868.506 | I14: =H14*(1+I38) -> 67061.932 | J14: =I14*(1+J38) -> 70415.028
B15: Cost of sales (enter as -) | C15: -42478 | D15: -47803 | E15: -47586 | F15: =-(F14-F16) -> -48365.001 | G15: =-(G14-G16) -> -49574.126 | H15: =-(H14-H16) -> -52052.833 | I15: =-(I14-I16) -> -54655.474 | J15: =-(J14-J16) -> -57388.248
B16: Gross Profit | C16: =SUM(C14:C15) -> 9578 | D16: =SUM(D14:D15) -> 10669 | E16: =SUM(E14:E15) -> 11170 | F16: =F14*F39 -> 10978.559 | G16: =G14*G39 -> 11253.023 | H16: =H14*H39 -> 11815.674 | I16: =I14*I39 -> 12406.457 | J16: =J14*J39 -> 13026.78
B18: Research & development (enter as -) | C18: -1190 | D18: -1404 | E18: -1499 | F18: =-(F14*F40) -> -1483.589 | G18: =-(G14*G40) -> -1520.6787 | H18: =-(H14*H40) -> -1596.7127 | I18: =-(I14*I40) -> -1676.5483 | J18: =-(J14*J40) -> -1760.3757
B19: Selling, general & administrative (enter as -) | C19: =-(4532+362+125+1) -> -5020 | D19: =-(5099+132+123+80) -> -5434 | E19: =-(5368+275+35+116) -> -5794 | F19: =-(F14*F41) -> -5637.6382 | G19: =-(G14*G41) -> -5778.5792 | H19: =-(H14*H41) -> -6067.5081 | I19: =-(I14*I41) -> -6370.8835 | J19: =-(J14*J41) -> -6689.4277
B20: Operating Profit (EBIT) | C20: =SUM(C18:C19,C16) -> 3368 | D20: =SUM(D18:D19,D16) -> 3831 | E20: =SUM(E18:E19,E16) -> 3877 | F20: =SUM(F18:F19,F16) -> 3857.3314 | G20: =SUM(G18:G19,G16) -> 3953.7647 | H20: =SUM(H18:H19,H16) -> 4151.4529 | I20: =SUM(I18:I19,I16) -> 4359.0256 | J20: =SUM(J18:J19,J16) -> 4576.9768
B22: Interest income | C22: 47 | D22: =-(662+126) -> -788 | E22: -1186 | F22: =F247 -> 104.43015 | G22: =G247 -> 109.5 | H22: =H247 -> 115.39958 | I22: =I247 -> 129.13874 | J22: =J247 -> 146.06481
B23: Interest expense (enter as -) | C23: -309 | D23: -312 | E23: -242 | F23: =-(F152) -> -310.125 | G23: =-(G152) -> -259.5 | H23: =-(H152) -> -92.25 | I23: =-(I152) -> -72 | J23: =-(J152) -> -72
B24: Other expense (enter as -) | C24: 170 | D24: 282 | E24: 74 | F24: =E24 -> 74 | G24: =F24 -> 74 | H24: =G24 -> 74 | I24: =H24 -> 74 | J24: =I24 -> 74
B25: Pre-Tax Profit | C25: =SUM(C22:C24)+C20 -> 3276 | D25: =SUM(D22:D24)+D20 -> 3013 | E25: =SUM(E22:E24)+E20 -> 2523 | F25: =SUM(F22:F24)+F20 -> 3725.6365 | G25: =SUM(G22:G24)+G20 -> 3877.7647 | H25: =SUM(H22:H24)+H20 -> 4248.6025 | I25: =SUM(I22:I24)+I20 -> 4490.1643 | J25: =SUM(J22:J24)+J20 -> 4725.0417
B27: Taxes (enter expense as -) | C27: -750 | D27: 2314 | E27: 629 | F27: =-(F25*F42) -> -931.40914 | G27: =-(G25*G42) -> -853.10823 | H27: =-(H25*H42) -> -849.7205 | I27: =-(I25*I42) -> -898.03286 | J27: =-(J25*J42) -> -945.00833
B28: Net Income | C28: =C27+C25 -> 2526 | D28: =D27+D25 -> 5327 | E28: =E27+E25 -> 3152 | F28: =F27+F25 -> 2794.2274 | G28: =G27+G25 -> 3024.6565 | H28: =H27+H25 -> 3398.882 | I28: =I27+I25 -> 3592.1314 | J28: =J27+J25 -> 3780.0333
B30: Basic shares outstanding | C30: 1688 | D30: 1615 | E30: 1515 | F30: =AVERAGE(F252,F255) -> 1413.2001 | G30: =AVERAGE(G252,G255) -> 1339.3987 | H30: =AVERAGE(H252,H255) -> 1276.9289 | I30: =AVERAGE(I252,I255) -> 1223.9884 | J30: =AVERAGE(J252,J255) -> 1179.1236
B31: Impact of dilutive securities | C31: =C32-C30 -> 14 | D31: =D32-D30 -> 19 | E31: =E32-E30 -> 9 | F31: 9 | G31: 9 | H31: 9 | I31: 9 | J31: 9
B32: Diluted shares outstanding | C32: 1702 | D32: 1634 | E32: 1524 | F32: =F30+F31 -> 1422.2001 | G32: =G30+G31 -> 1348.3987 | H32: =H30+H31 -> 1285.9289 | I32: =I30+I31 -> 1232.9884 | J32: =J30+J31 -> 1188.1236
B34: Basic EPS | C34: =C28/C30 -> 1.4964455 | D34: =D28/D30 -> 3.298452 | E34: =E28/E30 -> 2.0805281 | F34: =F28/F30 -> 1.9772341 | G34: =G28/G30 -> 2.2582196 | H34: =H28/H30 -> 2.6617628 | I34: =I28/I30 -> 2.9347756 | J34: =J28/J30 -> 3.205799
B35: Diluted EPS | C35: =C28/C32 -> 1.4841363 | D35: =D28/D32 -> 3.2600979 | E35: =E28/E32 -> 2.0682415 | F35: =F28/F32 -> 1.9647218 | G35: =G28/G32 -> 2.2431469 | H35: =H28/H32 -> 2.6431336 | I35: =I28/I32 -> 2.9133537 | J35: =J28/J32 -> 3.1815152
B37: Growth Rates & Margins
B38: Revenue growth | D38: =D14/C14-1 -> 0.12325188 | E38: =E14/D14-1 -> 0.0048570256 | F38: =SCENARIO!C5 -> 0.01 | G38: =SCENARIO!D5 -> 0.025 | H38: =SCENARIO!E5 -> 0.05 | I38: =SCENARIO!F5 -> 0.05 | J38: =SCENARIO!G5 -> 0.05
B39: Gross profit as % of sales | C39: =C16/C14 -> 0.18399416 | D39: =D16/D14 -> 0.1824634 | E39: =E16/E14 -> 0.19010824 | F39: =SCENARIO!C6 -> 0.185 | G39: =SCENARIO!D6 -> 0.185 | H39: =SCENARIO!E6 -> 0.185 | I39: =SCENARIO!F6 -> 0.185 | J39: =SCENARIO!G6 -> 0.185
B40: R&D margin | C40: =-(C18/C14) -> 0.022859997 | D40: =-(D18/D14) -> 0.024011493 | E40: =-(E18/E14) -> 0.025512288 | F40: =SCENARIO!C7 -> 0.025 | G40: =SCENARIO!D7 -> 0.025 | H40: =SCENARIO!E7 -> 0.025 | I40: =SCENARIO!F7 -> 0.025 | J40: =SCENARIO!G7 -> 0.025
B41: SG&A margin | C41: =-(C19/C14) -> 0.096434609 | D41: =-(D19/D14) -> 0.09293337 | E41: =-(E19/E14) -> 0.098611206 | F41: =SCENARIO!C8 -> 0.095 | G41: =SCENARIO!D8 -> 0.095 | H41: =SCENARIO!E8 -> 0.095 | I41: =SCENARIO!F8 -> 0.095 | J41: =SCENARIO!G8 -> 0.095
B42: Tax rate | C42: =-(C27/C25) -> 0.22893773 | D42: =D27/D25 -> 0.76800531 | E42: =E27/E25 -> 0.24930638 | F42: 0.25 | G42: 0.22 | H42: 0.2 | I42: 0.2 | J42: 0.2
B44: EBITDA Reconciliation
B45: Depreciation & amortization | C45: 354 | D45: 528 | E45: 744 | F45: =-(F119+F130) -> 781.61505 | G45: =-(G119+G130) -> 1150.0615 | H45: =-(H119+H130) -> 1201.7646 | I45: =-(I119+I130) -> 1140.8858 | J45: =-(J119+J130) -> 1219.8433
B46: Stock based compensation | C46: 153 | D46: 209 | E46: 250 | F46: =F167 -> 249.68803 | G46: =G167 -> 255.93023 | H46: =H167 -> 268.72674 | I46: =I167 -> 282.16308 | J46: =J167 -> 296.27123
B47: EBITDA | C47: =C20+C45+C46 -> 3875 | D47: =D20+D45+D46 -> 4568 | E47: =E20+E45+E46 -> 4871 | F47: =F20+F45+F46 -> 4888.6345 | G47: =G20+G45+G46 -> 5359.7564 | H47: =H20+H45+H46 -> 5621.9443 | I47: =I20+I45+I46 -> 5782.0745 | J47: =J20+J45+J46 -> 6093.0913
A49: x | B49: BALANCE SHEET
B51: Assets
B52: Cash & equivalents ST & LT market. securities | D52: 5166 | E52: 4537 | F52: =E52+F220 -> 5000 | G52: =F52+G220 -> 5000 | H52: =G52+H220 -> 5538.775 | I52: =H52+I220 -> 6254.7173 | J52: =I52+J220 -> 7084.5355
B53: Accounts receivable | D53: 5113 | E53: 6031 | F53: =F89 -> 6527.7916 | G53: =G89 -> 6690.9864 | H53: =H89 -> 7025.5357 | I53: =I89 -> 7376.8125 | J53: =J89 -> 7745.6531
B54: Inventory | D54: 6062 | E54: 5734 | F54: =F97 -> 5803.8002 | G54: =G97 -> 5948.8952 | H54: =H97 -> 6246.3399 | I54: =I97 -> 6558.6569 | J54: =J97 -> 6886.5898
B55: Property, plant & equipment | D55: 2198 | E55: 2794 | F55: =F115 -> 2868.1795 | G55: =G115 -> 3050.6609 | H55: =H115 -> 3242.2664 | I55: =I115 -> 3388.9644 | J55: =J115 -> 3481.3841
B56: Goodwill | D56: 5968 | E56: 6372 | F56: =F127 -> 6258 | G56: =G127 -> 6142 | H56: =H127 -> 6026 | I56: =I127 -> 5912 | J56: =J127 -> 5832
B57: Deferred tax assets | D57: 0 | E57: 0 | F57: =E57 -> 0 | G57: =F57 -> 0 | H57: =G57 -> 0 | I57: =H57 -> 0 | J57: =I57 -> 0
B58: Other assets (current & non-current) | D58: =5046+5069 -> 10115 | E58: =3875+4124 -> 7999 | F58: =F137 -> 7999 | G58: =G137 -> 7999 | H58: =H137 -> 7999 | I58: =I137 -> 7999 | J58: =J137 -> 7999
B59: Total Assets | D59: =SUM(D52:D58) -> 34622 | E59: =SUM(E52:E58) -> 33467 | F59: =SUM(F52:F58) -> 34456.771 | G59: =SUM(G52:G58) -> 34831.542 | H59: =SUM(H52:H58) -> 36077.917 | I59: =SUM(I52:I58) -> 37490.151 | J59: =SUM(J52:J58) -> 39029.163
B61: Liabilities
B62: Accounts payable | D62: =1463+14816 -> 16279 | E62: =357+14793 -> 15150 | F62: =F105 -> 15476.8 | G62: =G105 -> 15863.72 | H62: =H105 -> 16656.906 | I62: =I105 -> 17489.752 | J62: =J105 -> 18364.239
B63: Revolver | D63: 0 | E63: 0 | F63: =F226 -> 432.06478 | G63: =G226 -> 43.765639 | H63: =H226 -> 0 | I63: =I226 -> 0 | J63: =J226 -> 0
B64: Long term debt | D64: 4524 | E64: 4780 | F64: =F150 -> 4780 | G64: =G150 -> 4831.9 | H64: =H150 -> 4850.35 | I64: =I150 -> 4864.75 | J64: =J150 -> 4879.15
B65: Other liabilities (current & non-current) | D65: =8852+5606 -> 14458 | E65: =10143+4587 -> 14730 | F65: =F142 -> 14955 | G65: =G142 -> 15180 | H65: =H142 -> 15405 | I65: =I142 -> 15630 | J65: =J142 -> 15855
B66: Total Liabilities | D66: =SUM(D62:D65) -> 35261 | E66: =SUM(E62:E65) -> 34660 | F66: =SUM(F62:F65) -> 35643.865 | G66: =SUM(G62:G65) -> 35919.386 | H66: =SUM(H62:H65) -> 36912.256 | I66: =SUM(I62:I65) -> 37984.502 | J66: =SUM(J62:J65) -> 39098.389
B68: Shareholders' Equity
B69: Common stock/additional paid in capital | D69: =16+663 -> 679 | E69: =15+835 -> 850 | F69: =F164 -> 1099.688 | G69: =G164 -> 1355.6183 | H69: =H164 -> 1624.345 | I69: =I164 -> 1906.5081 | J69: =J164 -> 2202.7793
B70: Tresury stock | D70: 0 | E70: 0 | F70: =F173 -> -1300 | G70: =G173 -> -2600 | H70: =H173 -> -3900 | I70: =I173 -> -5200 | J70: =J173 -> -6500
B71: Retained earnings/accumulated deficit | D71: -473 | E71: -818 | F71: =F183 -> 238.21796 | G71: =G183 -> 1381.5381 | H71: =H183 -> 2666.3155 | I71: =I183 -> 4024.1412 | J71: =J183 -> 5452.9938
B72: Other comprehensive income/(loss) | D72: -845 | E72: -1225 | F72: =F192 -> -1225 | G72: =G192 -> -1225 | H72: =H192 -> -1225 | I72: =I192 -> -1225 | J72: =J192 -> -1225
B73: Total Shareholders' Equity | D73: =SUM(D69:D72) -> -639 | E73: =SUM(E69:E72) -> -1193 | F73: =SUM(F69:F72) -> -1187.094 | G73: =SUM(G69:G72) -> -1087.8436 | H73: =SUM(H69:H72) -> -834.3395 | I73: =SUM(I69:I72) -> -494.35074 | J73: =SUM(J69:J72) -> -69.226908
B75: Balance sheet check | D75: =ROUND(D59-SUM(D73,D66),3) -> 0 | E75: =ROUND(E59-SUM(E73,E66),3) -> 0 | F75: =ROUND(F59-SUM(F73,F66),3) -> 0 | G75: =ROUND(G59-SUM(G73,G66),3) -> 0 | H75: =ROUND(H59-SUM(H73,H66),3) -> 0 | I75: =ROUND(I59-SUM(I73,I66),3) -> 0 | J75: =ROUND(J59-SUM(J73,J66),3) -> 0
B77: Ratios
B78: Net debt | D78: =D64+D63-D52 -> -642 | E78: =E64+E63-E52 -> 243 | F78: =F64+F63-F52 -> 212.06478 | G78: =G64+G63-G52 -> -124.33436 | H78: =H64+H63-H52 -> -688.42497 | I78: =I64+I63-I52 -> -1389.9673 | J78: =J64+J63-J52 -> -2205.3855
B79: Asset turnover (Revenue/total assets) | D79: =D14/D59 -> 1.6888683 | E79: =E14/E59 -> 1.7556399 | F79: =F14/F59 -> 1.7222612 | G79: =G14/G59 -> 1.7463237 | H79: =H14/H59 -> 1.7702936 | I79: =I14/I59 -> 1.788788 | J79: =J14/J59 -> 1.8041645
B80: Net profit margin | D80: =D28/D14 -> 0.091103434 | E80: =E28/E14 -> 0.053645585 | F80: =F28/F14 -> 0.047085605 | G80: =G28/G14 -> 0.049725435 | H80: =H28/H14 -> 0.05321687 | I80: =I28/I14 -> 0.05356439 | J80: =J28/J14 -> 0.053682196
B81: Return on assets (ROA) | D81: =D28/D59 -> 0.15386171 | E81: =E28/E59 -> 0.094182329 | F81: =F28/F59 -> 0.08109371 | G81: =G28/G59 -> 0.086836707 | H81: =H28/H59 -> 0.094209486 | I81: =I28/I59 -> 0.095815336 | J81: =J28/J59 -> 0.09685151
B82: Return on book equity (ROE) | D82: =D28/D73 -> -8.3364632 | E82: =E28/E73 -> -2.6420788 | F82: =F28/F73 -> -2.3538384 | G82: =G28/G73 -> -2.7804147 | H82: =H28/H73 -> -4.0737398 | I82: =I28/I73 -> -7.2663621 | J82: =J28/J73 -> -54.603527
B84: Working Capital
B86: Accounts Receivable
B87: Beginning of period | F87: =E89 -> 6031 | G87: =F89 -> 6527.7916 | H87: =G89 -> 6690.9864 | I87: =H89 -> 7025.5357 | J87: =I89 -> 7376.8125
B88: Increases/(decreases) | F88: =F89-F87 -> 496.7916 | G88: =G89-G87 -> 163.19479 | H88: =H89-H87 -> 334.54932 | I88: =I89-I87 -> 351.27679 | J88: =J89-J87 -> 368.84062
B89: End of period | D89: =D53 -> 5113 | E89: =E53 -> 6031 | F89: =F91*F14 -> 6527.7916 | G89: =G91*G14 -> 6690.9864 | H89: =H91*H14 -> 7025.5357 | I89: =I91*I14 -> 7376.8125 | J89: =J91*J14 -> 7745.6531
B91: AR as % of sales | D91: =D89/D14 -> 0.087443563 | E91: =E89/E14 -> 0.10264484 | F91: 0.11 | G91: 0.11 | H91: 0.11 | I91: 0.11 | J91: 0.11
B92: Days sales outstanding (DSO) | D92: =D91*365 -> 31.9169 | E92: =E91*365 -> 37.465365 | F92: =F91*365 -> 40.15 | G92: =G91*365 -> 40.15 | H92: =H91*365 -> 40.15 | I92: =I91*365 -> 40.15 | J92: =J91*365 -> 40.15
B94: Inventory
B95: Beginning of period | F95: =E97 -> 5734 | G95: =F97 -> 5803.8002 | H95: =G97 -> 5948.8952 | I95: =H97 -> 6246.3399 | J95: =I97 -> 6558.6569
B96: Increases/(decreases) | F96: =F97-F95 -> 69.800168 | G96: =G97-G95 -> 145.095 | H96: =H97-H95 -> 297.44476 | I96: =I97-I95 -> 312.317 | J96: =J97-J95 -> 327.93285
B97: End of period | D97: =D54 -> 6062 | E97: =E54 -> 5734 | F97: =-(F99*F15) -> 5803.8002 | G97: =-(G99*G15) -> 5948.8952 | H97: =-(H99*H15) -> 6246.3399 | I97: =-(I99*I15) -> 6558.6569 | J97: =-(J99*J15) -> 6886.5898
B99: Inventory as % of COGS | D99: =-(D97/D15) -> 0.12681212 | E99: =-(E97/E15) -> 0.12049763 | F99: 0.12 | G99: 0.12 | H99: 0.12 | I99: 0.12 | J99: 0.12
B100: Inventory turnover | D100: =-(D15/D97) -> 7.8856813 | E100: =-(E15/E97) -> 8.2989187 | F100: =-(F15/F97) -> 8.3333333 | G100: =-(G15/G97) -> 8.3333333 | H100: =-(H15/H97) -> 8.3333333 | I100: =-(I15/I97) -> 8.3333333 | J100: =-(J15/J97) -> 8.3333333
B102: Accounts Payable
B103: Beginning of period | F103: =E105 -> 15150 | G103: =F105 -> 15476.8 | H103: =G105 -> 15863.72 | I103: =H105 -> 16656.906 | J103: =I105 -> 17489.752
B104: Increases/(decreases) | F104: =F105-F103 -> 326.80045 | G104: =G105-G103 -> 386.92001 | H104: =H105-H103 -> 793.18602 | I104: =I105-I103 -> 832.84532 | J104: =J105-J103 -> 874.48759
B105: End of period | D105: =D62 -> 16279 | E105: =E62 -> 15150 | F105: =-(F107*F15) -> 15476.8 | G105: =-(G107*G15) -> 15863.72 | H105: =-(H107*H15) -> 16656.906 | I105: =-(I107*I15) -> 17489.752 | J105: =-(J107*J15) -> 18364.239
B107: AP as % of COGS | D107: =-(D62/D15) -> 0.34054348 | E107: =-(E62/E15) -> 0.31837095 | F107: 0.32 | G107: 0.32 | H107: 0.32 | I107: 0.32 | J107: 0.32
B108: Days payables outstanding (DPO) | D108: =D107*365 -> 124.29837 | E108: =E107*365 -> 116.2054 | F108: =F107*365 -> 116.8 | G108: =G107*365 -> 116.8 | H108: =H107*365 -> 116.8 | I108: =I107*365 -> 116.8 | J108: =J107*365 -> 116.8
B110: Property, Plant & Equipment
B112: Beginning of period | F112: =E115 -> 2794 | G112: =F115 -> 2868.1795 | H112: =G115 -> 3050.6609 | I112: =H115 -> 3242.2664 | J112: =I115 -> 3388.9644
B113: Plus: Capital expenditures | F113: =F117 -> 741.7945 | G113: =G117 -> 1216.543 | H113: =H117 -> 1277.3701 | I113: =I117 -> 1173.5838 | J113: =J117 -> 1232.263
B114: Less: Depreciation | F114: =F119 -> -667.61505 | G114: =G119 -> -1034.0615 | H114: =H119 -> -1085.7646 | I114: =I119 -> -1026.8858 | J114: =J119 -> -1139.8433
B115: End of period | D115: =D55 -> 2198 | E115: =E55 -> 2794 | F115: =SUM(F112:F114) -> 2868.1795 | G115: =SUM(G112:G114) -> 3050.6609 | H115: =SUM(H112:H114) -> 3242.2664 | I115: =SUM(I112:I114) -> 3388.9644 | J115: =SUM(J112:J114) -> 3481.3841
B117: Capex (enter as +) | D117: 374 | E117: 671 | F117: =F118*F14 -> 741.7945 | G117: =G118*G14 -> 1216.543 | H117: =H118*H14 -> 1277.3701 | I117: =I118*I14 -> 1173.5838 | J117: =J118*J14 -> 1232.263
B118: Capital expenditures as % of revenue | D118: =D117/D14 -> 0.0063962238 | E118: =E117/E14 -> 0.01142011 | F118: 0.0125 | G118: 0.02 | H118: 0.02 | I118: 0.0175 | J118: 0.0175
B119: Depreciation (enter as -) | D119: -448 | E119: -623 | F119: =-(F120*F117) -> -667.61505 | G119: =-(G120*G117) -> -1034.0615 | H119: =-(H120*H117) -> -1085.7646 | I119: =-(I120*I117) -> -1026.8858 | J119: =-(J120*J117) -> -1139.8433
B120: Depreciation as a % of capital expenditures | D120: =-(D119/D117) -> 1.197861 | E120: =-(E119/E117) -> 0.92846498 | F120: 0.9 | G120: 0.85 | H120: 0.85 | I120: 0.875 | J120: 0.925
B122: Goodwill
B124: Beginning of period | F124: =E127 -> 6372 | G124: =F127 -> 6258 | H124: =G127 -> 6142 | I124: =H127 -> 6026 | J124: =I127 -> 5912
B125: Plus: Purchases of intangible assets | F125: =F129 -> 0 | G125: =G129 -> 0 | H125: =H129 -> 0 | I125: =I129 -> 0 | J125: =J129 -> 0
B126: Less: Amortization | F126: =F130 -> -114 | G126: =G130 -> -116 | H126: =H130 -> -116 | I126: =I130 -> -114 | J126: =J130 -> -80
B127: End of period | D127: =D56 -> 5968 | E127: =E56 -> 6372 | F127: =SUM(F124:F126) -> 6258 | G127: =SUM(G124:G126) -> 6142 | H127: =SUM(H124:H126) -> 6026 | I127: =SUM(I124:I126) -> 5912 | J127: =SUM(J124:J126) -> 5832
B129: Purchases of intangible assets (enter as +) | D129: 453 | E129: 661 | F129: 0 | G129: 0 | H129: 0 | I129: 0 | J129: 0
...

Sheet HP DCF
B1: ($) in millions, except per share | C1: Historical | F1: Forecast
B2: Discounted Cash Flow | C2: 2017 | D2: 2018 | E2: 2019 | F2: 2020 | G2: 2021 | H2: 2022 | I2: 2023 | J2: 2024
B4: Assumptions
B5: Share price as of last close | C5: ='HP FSM'!C6 -> 13.95
B6: Latest closing share price date | C6: ='HP FSM'!C7 -> 43910
B7: Latest basic share count | C7: 1515
B8: Weighted average cost of capital | C8: =D94 -> 0.072886172
C9: =EOMONTH(D9,-12) -> 43008 | D9: =EOMONTH(E9,-12) -> 43373 | E9: 43736 | F9: =EOMONTH(E9,12) -> 44104 | G9: =EOMONTH(F9,12) -> 44469 | H9: =EOMONTH(G9,12) -> 44834 | I9: =EOMONTH(H9,12) -> 45199 | J9: =EOMONTH(I9,12) -> 45565
A10: x | B10: FREE CASH FLOW
B12: EBITDA | C12: ='HP FSM'!C47 -> 3875 | D12: ='HP FSM'!D47 -> 4568 | E12: ='HP FSM'!E47 -> 4871 | F12: ='HP FSM'!F47 -> 4888.6345 | G12: ='HP FSM'!G47 -> 5359.7564 | H12: ='HP FSM'!H47 -> 5621.9443 | I12: ='HP FSM'!I47 -> 5782.0745 | J12: ='HP FSM'!J47 -> 6093.0913
B13: EBIT | C13: ='HP FSM'!C20 -> 3368 | D13: ='HP FSM'!D20 -> 3831 | E13: ='HP FSM'!E20 -> 3877 | F13: ='HP FSM'!F20 -> 3857.3314 | G13: ='HP FSM'!G20 -> 3953.7647 | H13: ='HP FSM'!H20 -> 4151.4529 | I13: ='HP FSM'!I20 -> 4359.0256 | J13: ='HP FSM'!J20 -> 4576.9768
B14: Tax rate | C14: ='HP FSM'!C42 -> 0.22893773 | D14: ='HP FSM'!D42 -> 0.76800531 | E14: ='HP FSM'!E42 -> 0.24930638 | F14: ='HP FSM'!F42 -> 0.25 | G14: ='HP FSM'!G42 -> 0.22 | H14: ='HP FSM'!H42 -> 0.2 | I14: ='HP FSM'!I42 -> 0.2 | J14: ='HP FSM'!J42 -> 0.2
B15: EBIAT (NOPAT) | C15: =C13*(1-C14) -> 2596.9377 | D15: =D13*(1-D14) -> 888.77166 | E15: =E13*(1-E14) -> 2910.4392 | F15: =F13*(1-F14) -> 2892.9986 | G15: =G13*(1-G14) -> 3083.9365 | H15: =H13*(1-H14) -> 3321.1623 | I15: =I13*(1-I14) -> 3487.2205 | J15: =J13*(1-J14) -> 3661.5815
B17: Depreciation & amortization | F17: ='HP FSM'!F197 -> 781.61505 | G17: ='HP FSM'!G197 -> 1150.0615 | H17: ='HP FSM'!H197 -> 1201.7646 | I17: ='HP FSM'!I197 -> 1140.8858 | J17: ='HP FSM'!J197 -> 1219.8433
B18: Stock based compensation | F18: ='HP FSM'!F198 -> 249.68803 | G18: ='HP FSM'!G198 -> 255.93023 | H18: ='HP FSM'!H198 -> 268.72674 | I18: ='HP FSM'!I198 -> 282.16308 | J18: ='HP FSM'!J198 -> 296.27123
B19: Accounts receivable | F19: ='HP FSM'!F199 -> -496.7916 | G19: ='HP FSM'!G199 -> -163.19479 | H19: ='HP FSM'!H199 -> -334.54932 | I19: ='HP FSM'!I199 -> -351.27679 | J19: ='HP FSM'!J199 -> -368.84062
B20: Inventory | F20: ='HP FSM'!F200 -> -69.800168 | G20: ='HP FSM'!G200 -> -145.095 | H20: ='HP FSM'!H200 -> -297.44476 | I20: ='HP FSM'!I200 -> -312.317 | J20: ='HP FSM'!J200 -> -327.93285
B21: Accounts payable | F21: ='HP FSM'!F201 -> 326.80045 | G21: ='HP FSM'!G201 -> 386.92001 | H21: ='HP FSM'!H201 -> 793.18602 | I21: ='HP FSM'!I201 -> 832.84532 | J21: ='HP FSM'!J201 -> 874.48759
B22: Other assets | F22: ='HP FSM'!F202 -> 0 | G22: ='HP FSM'!G202 -> 0 | H22: ='HP FSM'!H202 -> 0 | I22: ='HP FSM'!I202 -> 0 | J22: ='HP FSM'!J202 -> 0
B23: Deffered tax assets | F23: ='HP FSM'!F203 -> 0 | G23: ='HP FSM'!G203 -> 0 | H23: ='HP FSM'!H203 -> 0 | I23: ='HP FSM'!I203 -> 0 | J23: ='HP FSM'!J203 -> 0
B24: Other liabilities | F24: ='HP FSM'!F204 -> 225 | G24: ='HP FSM'!G204 -> 225 | H24: ='HP FSM'!H204 -> 225 | I24: ='HP FSM'!I204 -> 225 | J24: ='HP FSM'!J204 -> 225
B25: Non-cash (PIK) interest | F25: ='HP FSM'!F205 -> 0 | G25: ='HP FSM'!G205 -> 51.9 | H25: ='HP FSM'!H205 -> 18.45 | I25: ='HP FSM'!I205 -> 14.4 | J25: ='HP FSM'!J205 -> 14.4
B26: Unlevered CF from Operations | F26: =F15+SUM(F17:F25) -> 3909.5103 | G26: =G15+SUM(G17:G25) -> 4845.4584 | H26: =H15+SUM(H17:H25) -> 5196.2956 | I26: =I15+SUM(I17:I25) -> 5318.9209 | J26: =J15+SUM(J17:J25) -> 5594.8101
B28: Less: capex | F28: ='HP FSM'!F208 -> -741.7945 | G28: ='HP FSM'!G208 -> -1216.543 | H28: ='HP FSM'!H208 -> -1277.3701 | I28: ='HP FSM'!I208 -> -1173.5838 | J28: ='HP FSM'!J208 -> -1232.263
B29: Less: purchases of intangible assets | F29: ='HP FSM'!F209 -> 0 | G29: ='HP FSM'!G209 -> 0 | H29: ='HP FSM'!H209 -> 0 | I29: ='HP FSM'!I209 -> 0 | J29: ='HP FSM'!J209 -> 0
B30: Unlevered FCF | F30: =F26+SUM(F28:F29) -> 3167.7158 | G30: =G26+SUM(G28:G29) -> 3628.9155 | H30: =H26+SUM(H28:H29) -> 3918.9255 | I30: =I26+SUM(I28:I29) -> 4145.3371 | J30: =J26+SUM(J28:J29) -> 4362.5471
B32: % growth | G32: =G30/F30-1 -> 0.14559376 | H32: =H30/G30-1 -> 0.079916452 | I32: =I30/H30-1 -> 0.057773896 | J32: =J30/I30-1 -> 0.052398635
B34: Discount factor | F34: =YEARFRAC($C$6,F9) -> 0.52777778 | G34: =YEARFRAC($C$6,G9) -> 1.5277778 | H34: =YEARFRAC($C$6,H9) -> 2.5277778 | I34: =YEARFRAC($C$6,I9) -> 3.5277778 | J34: =YEARFRAC($C$6,J9) -> 4.5277778
B35: Present value of unlevered FCF | F35: =F30/(1+$C$8)^F34 -> 3052.254 | G35: =G30/(1+$C$8)^G34 -> 3259.0998 | H35: =H30/(1+$C$8)^H34 -> 3280.4557 | I35: =I30/(1+$C$8)^I34 -> 3234.2484 | J35: =J30/(1+$C$8)^J34 -> 3172.4881
A37: x | B37: ENTERPRISE VALUE
B39: Perpetuity Approach | E39: Exit EBITDA Multiple Approach
B40: Unlevered FCF in last forecast period (t) | C40: =J30 -> 4362.5471 | E40: Terminal year EBITDA | H40: =J12 -> 6093.0913
B41: FCF t+1 | C41: =C40*(1+C42) -> 4493.4235 | E41: Terminal value EBITDA multiple | H41: 10.45
B42: Long-term growth rate (g) | C42: 0.03 | E42: Terminal value | H42: =H41*H40 -> 63672.805
B43: Terminal value | C43: =C41/(C8-C42) -> 104775.58 | E43: Present value of terminal value | H43: =H42/(C8+1)^J34 -> 46303.503
B44: Present value of terminal value | C44: =C43/(1+C8)^J34 -> 76193.853 | E44: Present value of stage 1 cash flows | H44: =SUM(F35:J35) -> 15998.546
B45: Present value of stage 1 cash flows | C45: =SUM(F35:J35) -> 15998.546 | E45: Enterprise Value | H45: =SUM(H43:H44) -> 62302.049
B46: Enterprise Value | C46: =SUM(C44:C45) -> 92192.399 | E46: Implied TV perpetual growth rate | H46: =(C8-J30/H42)/(1+J30/H42) -> 0.0040908132
B47: Implied TV exit EBITDA multiple | C47: =C43/J13 -> 22.891874
B49: Net Debt & Options/Warrants
B51: Cash & equivalents ST & LT mkt. securities | C51: ='HP FSM'!E52 -> 4537
B52: Long-term debt | C52: ='HP FSM'!E64 -> 4780
B53: Trapped cash | C53: 929
B54: Net Debt | C54: =C52-C51 -> 243
B56: Basic shares outstanding | C56: =C7 -> 1515
B57: Excercisable options | C57: 5
B58: Exercise price | C58: 14
B59: In-the-money excercisable options | C59: =IF(C58<C6,C57,0) -> 5
B60: Total proceeds | C60: =C59*C58 -> 70
B61: Total shares repurchased | C61: =C60/C5 -> 5.0179211
B62: Net dilutive options | C62: =C59-C61 -> -0.017921147
B63: Dilutive impact of shares from other securities | C63: 0
B64: Net Diluted Shares Outstanding | C64: =C63+C62+C56 -> 1514.9821
A66: x | B66: FAIR VALUE PER SHARE
C68: Perpetuity | D68: EBITDA
B69: Enterprise value | C69: =C46 -> 92192.399 | D69: =H45 -> 62302.049
B70: Less: net debt | C70: =-(C54) -> -243 | D70: =-(C54) -> -243
B71: Less: trapped cash | C71: =-(C53) -> -929 | D71: =-(C53) -> -929
B72: Equity Value | C72: =C69+C70+C71 -> 91020.399 | D72: =D69+D70+D71 -> 61130.049
B74: Diluted shares | C74: =C64 -> 1514.9821 | D74: =C64 -> 1514.9821
B75: Equity Value per Share | C75: =C72/C74 -> 60.080182 | D75: =D72/D74 -> 40.350345
B76: Market premium/(discount) to fair value | C76: =$C$5/C75-1 -> -0.76781029 | D76: =$C$5/D75-1 -> -0.65427805
A78: x | B78: COST OF CAPITAL (WACC)
B80: Debt Assumptions
B81: Cost of debt | C81: 0.0335
B82: Tax rate | C82: =J14 -> 0.2
B83: After Tax Cost of Debt | C83: =C81*(1+C82) -> 0.0402
B85: Equity Assumptions
B86: Risk-free rate | C86: 0.0113
B87: Beta | C87: 1.38
B88: Market risk premium | C88: 0.0449
B89: Cost of Equity | C89: =C86+C87*C88 -> 0.073262
C91: Amount | D91: % of Total
B92: Market value of equity | C92: =C5*C64 -> 21134 | D92: =1-D93 -> 0.98863264
B93: Net debt | C93: =C54 -> 243 | D93: =C93/(C93+C92) -> 0.011367357
B94: WACC | D94: =C83*D93+C89*D92 -> 0.072886172

Sheet XEROX FSM
B1: ($) in millions, except per share | C1: Historical | F1: Forecast
B2: =C4&" Financial Statements" -> Xerox Financial Statements | C2: 2017 | D2: 2018 | E2: 2019 | F2: 2020 | G2: 2021 | H2: 2022 | I2: 2023 | J2: 2024
B4: Company name | C4: Xerox
B5: Ticker | C5: XRX
B6: Share price as of last close | C6: 16.45
B7: Latest closing share price date | C7: 43910
B8: Latest fiscal year end date | C8: 43830
B9: Scenario | C9: Base case
B10: Circuit breaker | C10: OFF
A12: x | B12: INCOME STATEMENT
B14: Revenue | C14: 9991 | D14: 9662 | E14: 9066 | F14: =E14*(1+F38) -> 9156.66 | G14: =F14*(1+G38) -> 9385.5765 | H14: =G14*(1+H38) -> 9854.8553 | I14: =H14*(1+I38) -> 10347.598 | J14: =I14*(1+J38) -> 10864.978
B15: Cost of sales (enter as -) | C15: =-(2133+3654+133) -> -5920 | D15: =-(2188+3473+132) -> -5793 | E15: =-(2097+3188+131) -> -5416 | F15: =F16-F14 -> -5493.996 | G15: =G16-G14 -> -5631.3459 | H15: =H16-H14 -> -5912.9132 | I15: =I16-I14 -> -6208.5589 | J15: =J16-J14 -> -6518.9868
B16: Gross Profit | C16: =SUM(C14:C15) -> 4071 | D16: =SUM(D14:D15) -> 3869 | E16: =SUM(E14:E15) -> 3650 | F16: =F39*F14 -> 3662.664 | G16: =G39*G14 -> 3754.2306 | H16: =H39*H14 -> 3941.9421 | I16: =I39*I14 -> 4139.0392 | J16: =J39*J14 -> 4345.9912
B18: Research & development (enter as -) | C18: -424 | D18: -397 | E18: -373 | F18: =-(F40*F14) -> -366.2664 | G18: =-(G40*G14) -> -375.42306 | H18: =-(H40*H14) -> -394.19421 | I18: =-(I40*I14) -> -413.90392 | J18: =-(J40*J14) -> -434.59912
B19: Selling, general & administrative (enter as -) | C19: =-(2514+216+53+9+330) -> -3122 | D19: =-(2379+157+48+68+271) -> -2923 | E19: =-(2085+229+45+12+84) -> -2455 | F19: =-(F14*F41) -> -2746.998 | G19: =-(G14*G41) -> -2815.6729 | H19: =-(H14*H41) -> -2956.4566 | I19: =-(I14*I41) -> -3104.2794 | J19: =-(J14*J41) -> -3259.4934
B20: Operating Profit (EBIT) | C20: =SUM(C18:C19,C16) -> 525 | D20: =SUM(D18:D19,D16) -> 549 | E20: =SUM(E18:E19,E16) -> 822 | F20: =SUM(F18:F19,F16) -> 549.3996 | G20: =SUM(G18:G19,G16) -> 563.13459 | H20: =SUM(H18:H19,H16) -> 591.29132 | I20: =SUM(I18:I19,I16) -> 620.85589 | J20: =SUM(J18:J19,J16) -> 651.89868
B22: Interest income | C22: 0 | D22: 0 | E22: 0 | F22: =F252 -> 1222.8398 | G22: =G252 -> 958.73641 | H22: =H252 -> 1094.5272 | I22: =I252 -> 839.16675 | J22: =J252 -> 1035.6985
B23: Interest expense (enter as -) | C23: 0 | D23: 0 | E23: 0 | F23: =-(F157+F244) -> -175.0004 | G23: =-(G157+G244) -> -144.5748 | H23: =-(H157+H244) -> -96.36 | I23: =-(I157+I244) -> -84.15 | J23: =-(J157+J244) -> -47.35
B24: Other expense (enter as -) | C24: =13+137 -> 150 | D24: =8+64 -> 72 | E24: =8+710 -> 718 | F24: 0 | G24: =F24 -> 0 | H24: =G24 -> 0 | I24: =H24 -> 0 | J24: =I24 -> 0
B25: Pre-Tax Profit | C25: =SUM(C22:C24)+C20 -> 675 | D25: =SUM(D22:D24)+D20 -> 621 | E25: =SUM(E22:E24)+E20 -> 1540 | F25: =SUM(F22:F24)+F20 -> 1597.239 | G25: =SUM(G22:G24)+G20 -> 1377.2962 | H25: =SUM(H22:H24)+H20 -> 1589.4586 | I25: =SUM(I22:I24)+I20 -> 1375.8726 | J25: =SUM(J22:J24)+J20 -> 1640.2471
B27: Taxes (enter expense as -) | C27: =-(4+8+468) -> -480 | D27: =-(4+9+247) -> -260 | E27: =-(3+5+179) -> -187 | F27: =-(F25*F42) -> -319.44781 | G27: =-(G25*G42) -> -303.00516 | H27: =-(H25*H42) -> -413.25923 | I27: =-(I25*I42) -> -343.96816 | J27: =-(J25*J42) -> -410.06179
B28: Net Income | C28: =C27+C25 -> 195 | D28: =D27+D25 -> 361 | E28: =E27+E25 -> 1353 | F28: =F27+F25 -> 1277.7912 | G28: =G27+G25 -> 1074.291 | H28: =H27+H25 -> 1176.1993 | I28: =I27+I25 -> 1031.9045 | J28: =J27+J25 -> 1230.1854
B30: Basic shares outstanding | C30: 254.341 | D30: 248.707 | E30: 221.969 | F30: =F260 -> 198.84371 | G30: =G260 -> 185.23121 | H30: =H260 -> 172.01518 | I30: =I260 -> 159.18409 | J30: =J260 -> 146.72672
B31: Impact of dilutive securities | C31: =C32-C30 -> 2.229 | D31: =D32-D30 -> 2.953 | E31: =E32-E30 -> 11.2 | F31: 10 | G31: 10 | H31: 10 | I31: 10 | J31: 10
B32: Diluted shares outstanding | C32: 256.57 | D32: 251.66 | E32: 233.169 | F32: =F30+F31 -> 208.84371 | G32: =G30+G31 -> 195.23121 | H32: =H30+H31 -> 182.01518 | I32: =I30+I31 -> 169.18409 | J32: =J30+J31 -> 156.72672
B34: Basic EPS | C34: =C28/C30 -> 0.76668724 | D34: 1.4 | E34: 6.03 | F34: =F28/F30 -> 6.4261083 | G34: =G28/G30 -> 5.7997303 | H34: =H28/H30 -> 6.8377647 | I34: =I28/I30 -> 6.48246 | J34: =J28/J30 -> 8.3841947
B35: Diluted EPS | C35: =C28/C32 -> 0.7600265 | D35: 1.38 | E35: 5.8 | F35: =F28/F32 -> 6.1184089 | G35: =G28/G32 -> 5.5026604 | H35: =H28/H32 -> 6.4620947 | I35: =I28/I32 -> 6.0992998 | J35: =J28/J32 -> 7.8492384
B37: Growth Rates & Margins
B38: Revenue growth | D38: =D14/C14-1 -> -0.032929637 | E38: =E14/D14-1 -> -0.061684951 | F38: =SCENARIO!C28 -> 0.01 | G38: =SCENARIO!D28 -> 0.025 | H38: =SCENARIO!E28 -> 0.05 | I38: =SCENARIO!F28 -> 0.05 | J38: =SCENARIO!G28 -> 0.05
B39: Gross profit as % of sales | C39: =C16/C14 -> 0.40746672 | D39: =D16/D14 -> 0.40043469 | E39: =E16/E14 -> 0.40260313 | F39: =SCENARIO!C29 -> 0.4 | G39: =SCENARIO!D29 -> 0.4 | H39: =SCENARIO!E29 -> 0.4 | I39: =SCENARIO!F29 -> 0.4 | J39: =SCENARIO!G29 -> 0.4
B40: R&D margin | C40: =-(C18/C14) -> 0.042438194 | D40: =-(D18/D14) -> 0.041088801 | E40: =-(E18/E14) -> 0.041142731 | F40: =SCENARIO!C30 -> 0.04 | G40: =SCENARIO!D30 -> 0.04 | H40: =SCENARIO!E30 -> 0.04 | I40: =SCENARIO!F30 -> 0.04 | J40: =SCENARIO!G30 -> 0.04
B41: SG&A margin | C41: =-(C19/C14) -> 0.31248123 | D41: =-(D19/D14) -> 0.30252536 | E41: =-(E19/E14) -> 0.27079197 | F41: =SCENARIO!C31 -> 0.3 | G41: =SCENARIO!D31 -> 0.3 | H41: =SCENARIO!E31 -> 0.3 | I41: =SCENARIO!F31 -> 0.3 | J41: =SCENARIO!G31 -> 0.3
B42: Tax rate | C42: =-(C27/C25) -> 0.71111111 | D42: =-(D27/D25) -> 0.41867955 | E42: =-(E27/E25) -> 0.12142857 | F42: 0.2 | G42: 0.22 | H42: 0.26 | I42: 0.25 | J42: 0.25
B44: EBITDA Reconciliation
B45: Depreciation & amortization | C45: 527 | D45: 526 | E45: 430 | F45: =-(F119+F130) -> 139.01243 | G45: =-(G119+G130) -> 141.58774 | H45: =-(H119+H130) -> 142.86712 | I45: =-(I119+I130) -> 146.41048 | J45: =-(J119+J130) -> 140.231
B46: Stock based compensation | C46: 52 | D46: 57 | E46: 50 | F46: =F172 -> 43.036302 | G46: =G172 -> 44.11221 | H46: =H172 -> 46.31782 | I46: =I172 -> 58.360453 | J46: =J172 -> 63.831746
B47: EBITDA | C47: =C20+C45+C46 -> 1104 | D47: =D20+D45+D46 -> 1132 | E47: =E20+E45+E46 -> 1302 | F47: =F20+F45+F46 -> 731.44833 | G47: =G20+G45+G46 -> 748.83454 | H47: =H20+H45+H46 -> 780.47626 | I47: =I20+I45+I46 -> 825.62682 | J47: =J20+J45+J46 -> 855.96143
A49: x | B49: BALANCE SHEET
B51: Assets
B52: Cash & equivalents ST & LT market. securities | D52: 1081 | E52: 2740 | F52: =E52+F225 -> 2385.6737 | G52: =F52+G225 -> 1865.2266 | H52: =G52+H225 -> 2148.206 | I52: =H52+I225 -> 1631.2878 | J52: =I52+J225 -> 2035.6717
B53: Accounts receivable | D53: =1270+105+1218+2149 -> 4742 | E53: =1236+111+1158+2082 -> 4587 | F53: =F89 -> 4578.33 | G53: =G89 -> 4692.7882 | H53: =H89 -> 4927.4277 | I53: =I89 -> 5173.799 | J53: =J89 -> 5432.489
B54: Inventory | D54: 829 | E54: 694 | F54: =F97 -> 727.95447 | G54: =G97 -> 746.15333 | H54: =H97 -> 783.461 | I54: =I97 -> 822.63405 | J54: =J97 -> 863.76575
B55: Property, plant & equipment | D55: =442+498 -> 940 | E55: =364+426 -> 790 | F55: =F115 -> 755.66252 | G55: =G115 -> 720.46661 | H55: =H115 -> 683.51091 | I55: =I115 -> 644.70741 | J55: =J115 -> 603.96375
B56: Goodwill | D56: =220+3858 -> 4078 | E56: =199+3900 -> 4099 | F56: =F127 -> 4063 | G56: =G127 -> 4027 | H56: =H127 -> 3995 | I56: =I127 -> 3965 | J56: =J127 -> 3947
B57: Deferred tax assets | D57: 740 | E57: 598 | F57: =F147 -> 598 | G57: =G147 -> 598 | H57: =H147 -> 598 | I57: =I147 -> 598 | J57: =J147 -> 598
B58: Other assets (current & non-current) | D58: =191+1352+902+19 -> 2464 | E58: =201+1338 -> 1539 | F58: =F137 -> 1539 | G58: =G137 -> 1539 | H58: =H137 -> 1539 | I58: =I137 -> 1539 | J58: =J137 -> 1539
B59: Total Assets | D59: =SUM(D52:D58) -> 14874 | E59: =SUM(E52:E58) -> 15047 | F59: =SUM(F52:F58) -> 14647.621 | G59: =SUM(G52:G58) -> 14188.635 | H59: =SUM(H52:H58) -> 14674.606 | I59: =SUM(I52:I58) -> 14374.428 | J59: =SUM(J52:J58) -> 15019.89
B61: Liabilities
B62: Accounts payable | D62: =1073 -> 1073 | E62: 1053 | F62: =F105 -> 1098.7992 | G62: =G105 -> 1126.2692 | H62: =H105 -> 1182.5826 | I62: =I105 -> 1241.7118 | J62: =J105 -> 1303.7974
B63: Revolver | D63: 0 | E63: 0
B64: Long term debt | D64: =961+4269 -> 5230 | E64: =1049+3233 -> 4282 | F64: =F155 -> 3231 | G64: =G155 -> 2169 | H64: =H155 -> 1869 | I64: =I155 -> 869 | J64: =J155 -> 569
B65: Other liabilities (current & non-current) | D65: =348+21+848+1482+350+269 -> 3318 | E65: =349+984+1707+352+512 -> 3904 | F65: =F142 -> 3904 | G65: =G142 -> 3904 | H65: =H142 -> 3904 | I65: =I142 -> 3904 | J65: =J142 -> 3904
B66: Total Liabilities | D66: =SUM(D62:D65) -> 9621 | E66: =SUM(E62:E65) -> 9239 | F66: =SUM(F62:F65) -> 8233.7992 | G66: =SUM(G62:G65) -> 7199.2692 | H66: =SUM(H62:H65) -> 6955.5826 | I66: =SUM(I62:I65) -> 6014.7118 | J66: =SUM(J62:J65) -> 5776.7974
B68: Shareholders' Equity
B69: Common stock/additional paid in capital | D69: =232+3321+214+34 -> 3801 | E69: =215+2782+7+214 -> 3218 | F69: =F169 -> 3261.0363 | G69: =G169 -> 3305.1485 | H69: =H169 -> 3351.4663 | I69: =I169 -> 3409.8268 | J69: =J169 -> 3473.6585
B70: Tresury stock | D70: -55 | E70: -76 | F70: =F178 -> -216 | G70: =G178 -> -356 | H70: =H178 -> -496 | I70: =I178 -> -636 | J70: =J178 -> -776
B71: Retained earnings/accumulated deficit | D71: 5072 | E71: 6312 | F71: =F188 -> 7014.7852 | G71: =G188 -> 7686.2171 | H71: =H188 -> 8509.5566 | I71: =I188 -> 9231.8897 | J71: =J188 -> 10191.434
B72: Other comprehensive income/(loss) | D72: -3565 | E72: -3646 | F72: =F197 -> -3646 | G72: =G197 -> -3646 | H72: =H197 -> -3646 | I72: =I197 -> -3646 | J72: =J197 -> -3646
B73: Total Shareholders' Equity | D73: =SUM(D69:D72) -> 5253 | E73: =SUM(E69:E72) -> 5808 | F73: =SUM(F69:F72) -> 6413.8215 | G73: =SUM(G69:G72) -> 6989.3656 | H73: =SUM(H69:H72) -> 7719.0229 | I73: =SUM(I69:I72) -> 8359.7165 | J73: =SUM(J69:J72) -> 9243.0929
B75: Balance sheet check | D75: =ROUND(D59-SUM(D66,D73),3) -> 0 | E75: =ROUND(E59-SUM(E66,E73),3) -> 0 | F75: =ROUND(F59-SUM(F66,F73),3) -> 0 | G75: =ROUND(G59-SUM(G66,G73),3) -> 0 | H75: =ROUND(H59-SUM(H66,H73),3) -> 0 | I75: =ROUND(I59-SUM(I66,I73),3) -> 0 | J75: =ROUND(J59-SUM(J66,J73),3) -> 0
B77: Ratios
B78: Net debt | D78: =D64+D63-D52 -> 4149 | E78: =E64+E63-E52 -> 1542 | F78: =F64+F63-F52 -> 845.32631 | G78: =G64+G63-G52 -> 303.77342 | H78: =H64+H63-H52 -> -279.20602 | I78: =I64+I63-I52 -> -762.2878 | J78: =J64+J63-J52 -> -1466.6717
B79: Asset turnover (Revenue/total assets) | D79: =D14/D59 -> 0.64958989 | E79: =E14/E59 -> 0.60251213 | F79: =F14/F59 -> 0.62512951 | G79: =G14/G59 -> 0.66148552 | H79: =H14/H59 -> 0.67155845 | I79: =I14/I59 -> 0.71986154 | J79: =J14/J59 -> 0.72337266
B80: Net profit margin | D80: =D28/D14 -> 0.037362865 | E80: =E28/E14 -> 0.14923891 | F80: =F28/F14 -> 0.13954774 | G80: =G28/G14 -> 0.11446191 | H80: =H28/H14 -> 0.11935227 | I80: =I28/I14 -> 0.099724059 | J80: =J28/J14 -> 0.11322484
B81: Return on assets (ROA) | D81: =D28/D59 -> 0.024270539 | E81: =E28/E59 -> 0.089918256 | F81: =F28/F59 -> 0.087235413 | G81: =G28/G59 -> 0.075714898 | H81: =H28/H59 -> 0.080152024 | I81: =I28/I59 -> 0.071787514 | J81: =J28/J59 -> 0.081903752
B82: Return on book equity (ROE) | D82: =D28/D73 -> 0.068722635 | E82: =E28/E73 -> 0.23295455 | F82: =F28/F73 -> 0.19922463 | G82: =G28/G73 -> 0.15370366 | H82: =H28/H73 -> 0.15237671 | I82: =I28/I73 -> 0.12343774 | J82: =J28/J73 -> 0.13309239
B84: Working Capital
B86: Accounts Receivable
B87: Beginning of period | F87: =E89 -> 4587 | G87: =F89 -> 4578.33 | H87: =G89 -> 4692.7882 | I87: =H89 -> 4927.4277 | J87: =I89 -> 5173.799
B88: Increases/(decreases) | F88: =F89-F87 -> -8.67 | G88: =G89-G87 -> 114.45825 | H88: =H89-H87 -> 234.63941 | I88: =I89-I87 -> 246.37138 | J88: =J89-J87 -> 258.68995
B89: End of period | D89: =D53 -> 4742 | E89: =E53 -> 4587 | F89: =F91*F14 -> 4578.33 | G89: =G91*G14 -> 4692.7882 | H89: =H91*H14 -> 4927.4277 | I89: =I91*I14 -> 5173.799 | J89: =J91*J14 -> 5432.489
B91: AR as % of sales | D91: =D89/D14 -> 0.49078866 | E91: =E89/E14 -> 0.50595632 | F91: 0.5 | G91: 0.5 | H91: 0.5 | I91: 0.5 | J91: 0.5
B92: Days sales outstanding (DSO) | D92: =D91*365 -> 179.13786 | E92: =E91*365 -> 184.67406 | F92: =F91*365 -> 182.5 | G92: =G91*365 -> 182.5 | H92: =H91*365 -> 182.5 | I92: =I91*365 -> 182.5 | J92: =J91*365 -> 182.5
B94: Inventory
B95: Beginning of period | F95: =E97 -> 694 | G95: =F97 -> 727.95447 | H95: =G97 -> 746.15333 | I95: =H97 -> 783.461 | J95: =I97 -> 822.63405
B96: Increases/(decreases) | F96: =F97-F95 -> 33.95447 | G96: =G97-G95 -> 18.198862 | H96: =H97-H95 -> 37.307667 | I96: =I97-I95 -> 39.17305 | J96: =J97-J95 -> 41.131702
B97: End of period | D97: =D54 -> 829 | E97: =E54 -> 694 | F97: =-(F99*F15) -> 727.95447 | G97: =-(G99*G15) -> 746.15333 | H97: =-(H99*H15) -> 783.461 | I97: =-(I99*I15) -> 822.63405 | J97: =-(J99*J15) -> 863.76575
B99: Inventory as % of COGS | D99: =-(D97/D15) -> 0.14310375 | E99: =-(E97/E15) -> 0.12813885 | F99: 0.1325 | G99: 0.1325 | H99: 0.1325 | I99: 0.1325 | J99: 0.1325
B100: Inventory turnover | D100: =-(D15/D97) -> 6.9879373 | E100: =-(E15/E97) -> 7.8040346 | F100: =-(F15/F97) -> 7.5471698 | G100: =-(G15/G97) -> 7.5471698 | H100: =-(H15/H97) -> 7.5471698 | I100: =-(I15/I97) -> 7.5471698 | J100: =-(J15/J97) -> 7.5471698
B102: Accounts Payable
B103: Beginning of period | F103: =E105 -> 1053 | G103: =F105 -> 1098.7992 | H103: =G105 -> 1126.2692 | I103: =H105 -> 1182.5826 | J103: =I105 -> 1241.7118
B104: Increases/(decreases) | F104: =F105-F103 -> 45.7992 | G104: =G105-G103 -> 27.46998 | H104: =H105-H103 -> 56.313459 | I104: =I105-I103 -> 59.129132 | J104: =J105-J103 -> 62.085589
B105: End of period | D105: =D62 -> 1073 | E105: =E62 -> 1053 | F105: =F107*F14 -> 1098.7992 | G105: =G107*G14 -> 1126.2692 | H105: =H107*H14 -> 1182.5826 | I105: =I107*I14 -> 1241.7118 | J105: =J107*J14 -> 1303.7974
B107: AP as % of sales | D107: =D105/D14 -> 0.11105361 | E107: =E105/E14 -> 0.11614825 | F107: 0.12 | G107: 0.12 | H107: 0.12 | I107: 0.12 | J107: 0.12
B108: Days payables outstanding (DPO) | D108: =D107*365 -> 40.534568 | E108: =E107*365 -> 42.39411 | F108: =F107*365 -> 43.8 | G108: =G107*365 -> 43.8 | H108: =H107*365 -> 43.8 | I108: =I107*365 -> 43.8 | J108: =J107*365 -> 43.8
B110: Property, Plant & Equipment
B112: Beginning of period | F112: =E115 -> 790 | G112: =F115 -> 755.66252 | H112: =G115 -> 720.46661 | I112: =H115 -> 683.51091 | J112: =I115 -> 644.70741
B113: Plus: Capital expenditures | F113: =F117 -> 68.67495 | G113: =G117 -> 70.391824 | H113: =H117 -> 73.911415 | I113: =I117 -> 77.606986 | J113: =J117 -> 81.487335
B114: Less: Depreciation | F114: =F119 -> -103.01242 | G114: =G119 -> -105.58774 | H114: =H119 -> -110.86712 | I114: =I119 -> -116.41048 | J114: =J119 -> -122.231
B115: End of period | D115: =D55 -> 940 | E115: =E55 -> 790 | F115: =SUM(F112:F114) -> 755.66252 | G115: =SUM(G112:G114) -> 720.46661 | H115: =SUM(H112:H114) -> 683.51091 | I115: =SUM(I112:I114) -> 644.70741 | J115: =SUM(J112:J114) -> 603.96375
B117: Capex (enter as +) | D117: 90 | E117: 65 | F117: =F118*F14 -> 68.67495 | G117: =G118*G14 -> 70.391824 | H117: =H118*H14 -> 73.911415 | I117: =I118*I14 -> 77.606986 | J117: =J118*J14 -> 81.487335
B118: Capital expenditures as % of revenue | D118: =D117/D14 -> 0.0093148416 | E118: =E117/E14 -> 0.0071696448 | F118: 0.0075 | G118: 0.0075 | H118: 0.0075 | I118: 0.0075 | J118: 0.0075
B119: Depreciation (enter as -) | D119: -148 | E119: -101 | F119: =-(F120*F117) -> -103.01242 | G119: =-(G120*G117) -> -105.58774 | H119: =-(H120*H117) -> -110.86712 | I119: =-(I120*I117) -> -116.41048 | J119: =-(J120*J117) -> -122.231
B120: Depreciation as a % of capital expenditures | D120: =-(D119/D117) -> 1.6444444 | E120: =-(E119/E117) -> 1.5538462 | F120: 1.5 | G120: 1.5 | H120: 1.5 | I120: 1.5 | J120: 1.5
B122: Goodwill
B124: Beginning of period | F124: =E127 -> 4099 | G124: =F127 -> 4063 | H124: =G127 -> 4027 | I124: =H127 -> 3995 | J124: =I127 -> 3965
B125: Plus: Purchases of intangible assets | F125: =F129 -> 0 | G125: =G129 -> 0 | H125: =H129 -> 0 | I125: =I129 -> 0 | J125: =J129 -> 0
B126: Less: Amortization | F126: =F130 -> -36 | G126: =G130 -> -36 | H126: =H130 -> -32 | I126: =I130 -> -30 | J126: =J130 -> -18
B127: End of period | D127: =D56 -> 4078 | E127: =E56 -> 4099 | F127: =SUM(F124:F126) -> 4063 | G127: =SUM(G124:G126) -> 4027 | H127: =SUM(H124:H126) -> 3995 | I127: =SUM(I124:I126) -> 3965 | J127: =SUM(J124:J126) -> 3947
B129: Purchases of intangible assets (enter as +) | D129: 220 | E129: 199 | F129: 0 | G129: 0 | H129: 0 | I129: 0 | J129: 0
...

Sheet XEROX DCF
B1: ($) in millions, except per share | C1: Historical | F1: Forecast
B2: Discounted Cash Flow | C2: 2017 | D2: 2018 | E2: 2019 | F2: 2020 | G2: 2021 | H2: 2022 | I2: 2023 | J2: 2024
B4: Assumptions
B5: Share price as of last close | C5: ='XEROX FSM'!C6 -> 16.45
B6: Latest closing share price date | C6: ='XEROX FSM'!C7 -> 43910
B7: Latest basic share count | C7: 212.78913
B8: Weighted average cost of capital | C8: =D94 -> 0.084564134
C9: =EOMONTH(D9,-12) -> 43008 | D9: =EOMONTH(E9,-12) -> 43373 | E9: 43736 | F9: =EOMONTH(E9,12) -> 44104 | G9: =EOMONTH(F9,12) -> 44469 | H9: =EOMONTH(G9,12) -> 44834 | I9: =EOMONTH(H9,12) -> 45199 | J9: =EOMONTH(I9,12) -> 45565
A10: x | B10: FREE CASH FLOW
B12: EBITDA | C12: ='XEROX FSM'!C47 -> 1104 | D12: ='XEROX FSM'!D47 -> 1132 | E12: ='XEROX FSM'!E47 -> 1302 | F12: ='XEROX FSM'!F47 -> 731.44833 | G12: ='XEROX FSM'!G47 -> 748.83454 | H12: ='XEROX FSM'!H47 -> 780.47626 | I12: ='XEROX FSM'!I47 -> 825.62682 | J12: ='XEROX FSM'!J47 -> 855.96143
B13: EBIT | C13: ='XEROX FSM'!C20 -> 525 | D13: ='XEROX FSM'!D20 -> 549 | E13: ='XEROX FSM'!E20 -> 822 | F13: ='XEROX FSM'!F20 -> 549.3996 | G13: ='XEROX FSM'!G20 -> 563.13459 | H13: ='XEROX FSM'!H20 -> 591.29132 | I13: ='XEROX FSM'!I20 -> 620.85589 | J13: ='XEROX FSM'!J20 -> 651.89868
B14: Tax rate | C14: ='XEROX FSM'!C42 -> 0.71111111 | D14: ='XEROX FSM'!D42 -> 0.41867955 | E14: ='XEROX FSM'!E42 -> 0.12142857 | F14: ='XEROX FSM'!F42 -> 0.2 | G14: ='XEROX FSM'!G42 -> 0.22 | H14: ='XEROX FSM'!H42 -> 0.26 | I14: ='XEROX FSM'!I42 -> 0.25 | J14: ='XEROX FSM'!J42 -> 0.25
B15: EBIAT (NOPAT) | C15: =C13*(1-C14) -> 151.66667 | D15: =D13*(1-D14) -> 319.14493 | E15: =E13*(1-E14) -> 722.18571 | F15: =F13*(1-F14) -> 439.51968 | G15: =G13*(1-G14) -> 439.24498 | H15: =H13*(1-H14) -> 437.55558 | I15: =I13*(1-I14) -> 465.64191 | J15: =J13*(1-J14) -> 488.92401
B17: Depreciation & amortization | F17: ='XEROX FSM'!F202 -> 139.01243 | G17: ='XEROX FSM'!G202 -> 141.58774 | H17: ='XEROX FSM'!H202 -> 142.86712 | I17: ='XEROX FSM'!I202 -> 146.41048 | J17: ='XEROX FSM'!J202 -> 140.231
B18: Stock based compensation | F18: ='XEROX FSM'!F203 -> 43.036302 | G18: ='XEROX FSM'!G203 -> 44.11221 | H18: ='XEROX FSM'!H203 -> 46.31782 | I18: ='XEROX FSM'!I203 -> 58.360453 | J18: ='XEROX FSM'!J203 -> 63.831746
B19: Accounts receivable | F19: ='XEROX FSM'!F204 -> 8.67 | G19: ='XEROX FSM'!G204 -> -114.45825 | H19: ='XEROX FSM'!H204 -> -234.63941 | I19: ='XEROX FSM'!I204 -> -246.37138 | J19: ='XEROX FSM'!J204 -> -258.68995
B20: Inventory | F20: ='XEROX FSM'!F205 -> -33.95447 | G20: ='XEROX FSM'!G205 -> -18.198862 | H20: ='XEROX FSM'!H205 -> -37.307667 | I20: ='XEROX FSM'!I205 -> -39.17305 | J20: ='XEROX FSM'!J205 -> -41.131702
B21: Accounts payable | F21: ='XEROX FSM'!F206 -> 45.7992 | G21: ='XEROX FSM'!G206 -> 27.46998 | H21: ='XEROX FSM'!H206 -> 56.313459 | I21: ='XEROX FSM'!I206 -> 59.129132 | J21: ='XEROX FSM'!J206 -> 62.085589
B22: Other assets | F22: ='XEROX FSM'!F207 -> 0 | G22: ='XEROX FSM'!G207 -> 0 | H22: ='XEROX FSM'!H207 -> 0 | I22: ='XEROX FSM'!I207 -> 0 | J22: ='XEROX FSM'!J207 -> 0
B23: Deffered tax assets | F23: ='XEROX FSM'!F208 -> 0 | G23: ='XEROX FSM'!G208 -> 0 | H23: ='XEROX FSM'!H208 -> 0 | I23: ='XEROX FSM'!I208 -> 0 | J23: ='XEROX FSM'!J208 -> 0
B24: Other liabilities | F24: ='XEROX FSM'!F209 -> 0 | G24: ='XEROX FSM'!G209 -> 0 | H24: ='XEROX FSM'!H209 -> 0 | I24: ='XEROX FSM'!I209 -> 0 | J24: ='XEROX FSM'!J209 -> 0
B25: Non-cash (PIK) interest | F25: ='XEROX FSM'!F210 -> 0 | G25: ='XEROX FSM'!G210 -> 0 | H25: ='XEROX FSM'!H210 -> 0 | I25: ='XEROX FSM'!I210 -> 0 | J25: ='XEROX FSM'!J210 -> 0
B26: Unlevered CF from Operations | F26: =F15+SUM(F17:F25) -> 642.08314 | G26: =G15+SUM(G17:G25) -> 519.75779 | H26: =H15+SUM(H17:H25) -> 411.1069 | I26: =I15+SUM(I17:I25) -> 443.99754 | J26: =J15+SUM(J17:J25) -> 455.25069
B28: Less: capex | F28: ='XEROX FSM'!F213 -> -68.67495 | G28: ='XEROX FSM'!G213 -> -70.391824 | H28: ='XEROX FSM'!H213 -> -73.911415 | I28: ='XEROX FSM'!I213 -> -77.606986 | J28: ='XEROX FSM'!J213 -> -81.487335
B29: Less: purchases of intangible assets | F29: ='XEROX FSM'!F214 -> 0 | G29: ='XEROX FSM'!G214 -> 0 | H29: ='XEROX FSM'!H214 -> 0 | I29: ='XEROX FSM'!I214 -> 0 | J29: ='XEROX FSM'!J214 -> 0
B30: Unlevered FCF | F30: =F26+SUM(F28:F29) -> 573.40819 | G30: =G26+SUM(G28:G29) -> 449.36597 | H30: =H26+SUM(H28:H29) -> 337.19548 | I30: =I26+SUM(I28:I29) -> 366.39056 | J30: =J26+SUM(J28:J29) -> 373.76336
B32: % growth | G32: =G30/F30-1 -> -0.21632446 | H32: =H30/G30-1 -> -0.24961945 | I32: =I30/H30-1 -> 0.086582047 | J32: =J30/I30-1 -> 0.020122783
B34: Discount factor | F34: =YEARFRAC($C$6,F9) -> 0.52777778 | G34: =YEARFRAC($C$6,G9) -> 1.5277778 | H34: =YEARFRAC($C$6,H9) -> 2.5277778 | I34: =YEARFRAC($C$6,I9) -> 3.5277778 | J34: =YEARFRAC($C$6,J9) -> 4.5277778
B35: Present value of unlevered FCF | F35: =F30/(1+$C$8)^F34 -> 549.3599 | G35: =G30/(1+$C$8)^G34 -> 396.95202 | H35: =H30/(1+$C$8)^H34 -> 274.64035 | I35: =I30/(1+$C$8)^I34 -> 275.15134 | J35: =J30/(1+$C$8)^J34 -> 258.80272
A37: x | B37: ENTERPRISE VALUE
B39: Perpetuity Approach | E39: Exit EBITDA Multiple Approach
B40: Unlevered FCF in last forecast period (t) | C40: =J30 -> 373.76336 | E40: Terminal year EBITDA | H40: =J12 -> 855.96143
B41: FCF t+1 | C41: =C40*(1+C42) -> 384.97626 | E41: Terminal value EBITDA multiple | H41: 10.45
B42: Long-term growth rate (g) | C42: 0.03 | E42: Terminal value | H42: =H41*H40 -> 8944.7969
B43: Terminal value | C43: =C41/(C8-C42) -> 7055.4819 | E43: Present value of terminal value | H43: =H42/(C8+1)^J34 -> 6193.5921
B44: Present value of terminal value | C44: =C43/(1+C8)^J34 -> 4885.385 | E44: Present value of stage 1 cash flows | H44: =SUM(F35:J35) -> 1754.9063
B45: Present value of stage 1 cash flows | C45: =SUM(F35:J35) -> 1754.9063 | E45: Enterprise Value | H45: =SUM(H43:H44) -> 7948.4984
B46: Enterprise Value | C46: =SUM(C44:C45) -> 6640.2914 | E46: Implied TV perpetual growth rate | H46: =(C8-J30/H42)/(1+J30/H42) -> 0.041062743
B47: Implied TV exit EBITDA multiple | C47: =C43/J13 -> 10.822973
B49: Net Debt & Options/Warrants
B51: Cash & equivalents ST & LT mkt. securities | C51: 2740
B52: Long-term debt | C52: 4282
B53: Trapped cash | C53: 127
B54: Net Debt | C54: =C52-C51 -> 1542
B56: Basic shares outstanding | C56: =C7 -> 212.78913
B57: Excercisable options | C57: 233
B58: Exercise price | C58: 27.83
B59: In-the-money excercisable options | C59: =IF(C58<C6,C57,0) -> 233
B60: Total proceeds | C60: =C59*C58 -> 6484.39
B61: Total shares repurchased | C61: =C60/C5 -> 394.18784
B62: Net dilutive options | C62: =-(C59-C61) -> 161.18784
B63: Dilutive impact of shares from other securities | C63: 0
B64: Net Diluted Shares Outstanding | C64: =C63+C62+C56 -> 373.97698
A66: x | B66: FAIR VALUE PER SHARE
C68: Perpetuity | D68: EBITDA
B69: Enterprise value | C69: =C46 -> 6640.2914 | D69: =H45 -> 7948.4984
B70: Less: net debt | C70: =-(C54) -> -1542 | D70: =-(C54) -> -1542
B71: Less: trapped cash | C71: =-(C53) -> -127 | D71: =-(C53) -> -127
B72: Equity Value | C72: =C69+C70+C71 -> 4971.2914 | D72: =D69+D70+D71 -> 6279.4984
B74: Diluted shares | C74: =C64 -> 373.97698 | D74: =C64 -> 373.97698
B75: Equity Value per Share | C75: =C72/C74 -> 13.293041 | D75: =D72/D74 -> 16.791136
B76: Market premium/(discount) to fair value | C76: =$C$5/C75-1 -> 0.23748958 | D76: =$C$5/D75-1 -> -0.02031646
A78: x | B78: COST OF CAPITAL (WACC)
B80: Debt Assumptions
B81: Cost of debt | C81: 0.055
B82: Tax rate | C82: =J14 -> 0.25
B83: After Tax Cost of Debt | C83: =C81*(1+C82) -> 0.06875
B85: Equity Assumptions
B86: Risk-free rate | C86: 0.0113
B87: Beta | C87: 1.72
B88: Market risk premium | C88: 0.0449
B89: Cost of Equity | C89: =C86+C87*C88 -> 0.088528
C91: Amount | D91: % of Total
B92: Market value of equity | C92: =C5*C64 -> 6151.9213 | D92: =1-D93 -> 0.79958204
B93: Net debt | C93: =C54 -> 1542 | D93: =C93/(C93+C92) -> 0.20041796
B94: WACC | D94: =C83*D93+C89*D92 -> 0.084564134

Sheet MERGER
B1: ($) in millions, except per share
B2: Xerox Acquires HP
B4: Transaction Assumptions | E4: Sources & Uses of Funds | H4: Pro Forma Balance Sheet
B6: Current date | C6: 43908 | E6: Sources of Funds | I6: Acquierer | J6: Target | K6: Adjustments
E7: New borrowing to acquier target | F7: =C46 -> 22410.465 | M7: Pro Forma
B8: Acquirer | E8: New borrowing to refinance target debt | F8: =C51 -> 4780 | I8: XRX | J8: HPQ | K8: Increase | L8: Decrease
B9: Name | C9: Xerox | E9: Cash used to acquier target | F9: =C47 -> 2490.0517
B10: Ticker | C10: XRX | E10: Value of stock issued to acquire target | F10: =C24*C27 -> 6225.1292 | H10: Assets
B11: Lastest filing date | C11: ='XEROX FSM'!C8 -> 43830 | E11: Cash for fees | F11: =C36+C59 -> 291.58056 | H11: Cash & equivalents ST & LT market. securities | I11: ='XEROX FSM'!E52 -> 2740 | J11: ='HP FSM'!E52 -> 4537 | L11: =-(F11+F9) -> -2781.6322 | M11: =SUM(I11:L11) -> 4495.3678
B12: Filing type | C12: 10-K | E12: Total sources | F12: =SUM(F7:F11) -> 36197.227 | H12: Accounts receivable | I12: ='XEROX FSM'!E53 -> 4587 | J12: ='HP FSM'!E53 -> 6031 | M12: =SUM(I12:L12) -> 10618
B13: Current share price | C13: ='XEROX FSM'!C6 -> 16.45 | H13: Inventory | I13: ='XEROX FSM'!E54 -> 694 | J13: ='HP FSM'!E54 -> 5734 | M13: =SUM(I13:L13) -> 6428
E14: Uses of Funds | H14: Property, plant & equipment | I14: ='XEROX FSM'!E55 -> 790 | J14: ='HP FSM'!E55 -> 2794 | K14: =F29 -> 558.8 | M14: =SUM(I14:L14) -> 4142.8
B15: Target | E15: Stock to target | F15: =C13*C30 -> 6225.1292 | H15: Intangible assets | I15: 0 | J15: 0 | K15: =F19+F37 -> 135.95233 | M15: =SUM(I15:L15) -> 135.95233
B16: Name | C16: HP | E16: Cash to target | F16: =C24*C28 -> 24900.517 | H16: Goodwill | I16: ='XEROX FSM'!E56 -> 4099 | J16: ='HP FSM'!E56 -> 6372 | K16: =F56 -> 38199.7 | L16: =-(J16) -> -6372 | M16: =SUM(I16:L16) -> 42298.7
B17: Ticker | C17: HPQ | E17: Target debt refinanced | F17: =C51 -> 4780 | H17: Deferred tax assets | I17: ='XEROX FSM'!E57 -> 598 | J17: ='HP FSM'!E57 -> 0 | L17: =F37 -> 0 | M17: =SUM(I17:L17) -> 598
B18: Latest filing date | C18: ='HP FSM'!C8 -> 43769 | E18: Deal fees (advisory, legal, and accounting) | F18: =C36 -> 155.62823 | H18: Other assets (current & non-current) | I18: ='XEROX FSM'!E58 -> 1539 | J18: ='HP FSM'!E58 -> 7999 | M18: =SUM(I18:L18) -> 9538
B19: Filing type | C19: 10-K | E19: Financing fees | F19: =C59 -> 135.95233 | H19: Total Assets | I19: =SUM(I11:I18) -> 15047 | J19: =SUM(J11:J18) -> 33467 | M19: =SUM(M11:M18) -> 78254.82
B20: Current share price | C20: ='HP FSM'!C6 -> 13.95 | E20: Total uses | F20: =SUM(F15:F19) -> 36197.227
B21: % offer premium | C21: 0.7203 | E21: Sources balance check | F21: =IF(F20=F12,"Yes","NO") -> Yes | H21: Liabilities
B22: Offer price per share | C22: =C20*(1+C21) -> 23.998185 | H22: Accounts payable | I22: ='XEROX FSM'!E62 -> 1053 | J22: ='HP FSM'!E62 -> 15150 | M22: =SUM(I22:L22) -> 16203
B23: Diluted shares outstanding | C23: 1297 | E23: Write-Ups & Purchase Price Allocation | H23: Revolver | I23: ='XEROX FSM'!E63 -> 0 | J23: ='HP FSM'!E63 -> 0 | L23: =IF(C50="Refinanced",-J23,0) -> 0 | M23: =SUM(I23:L23) -> 0
B24: Offer value | C24: =C22*C23 -> 31125.646 | H24: Deferred tax liabilities | I24: 0 | J24: 0 | K24: =F51 -> 67.854286 | M24: =SUM(I24:K24) -> 67.854286
E25: Asset Write-Ups | H25: Long term debt | I25: ='XEROX FSM'!E64 -> 4282 | J25: ='HP FSM'!E64 -> 4780 | K25: =F7+F8 -> 27190.465 | L25: =-J25 -> -4780 | M25: =SUM(I25:L25) -> 31472.465
B26: Deal Structure | E26: Tangible assets | H26: Other liabilities (current & non-current) | I26: ='XEROX FSM'!E65 -> 3904 | J26: ='HP FSM'!E65 -> 14730 | M26: =SUM(I26:L26) -> 18634
B27: % stock | C27: 0.2 | E27: Book value of target PP&E | F27: =J14 -> 2794 | H27: Total Liabilities | I27: =SUM(I22:I26) -> 9239 | J27: =SUM(J22:J26) -> 34660 | M27: =SUM(M22:M26) -> 66377.319
B28: % cash | C28: =1-C27 -> 0.8 | E28: % write-up | F28: 0.2
B29: Tax structure | C29: Stock sale | E29: Asset write-up | F29: =F28*F27 -> 558.8 | H29: Shareholders' Equity
B30: Acquirer shares issued in transaction | C30: =C27*C24/C13 -> 378.42731 | E30: Useful life | F30: 20 | H30: Common stock/additional paid in capital | I30: ='XEROX FSM'!E69 -> 3218 | J30: ='HP FSM'!E69 -> 850 | M30: =SUM(I30:L30) -> 4068
B31: Nominal exchange ration | C31: =C22/C13 -> 1.4588562 | E31: Incremental depreciation expense | F31: =F29/F30 -> 27.94 | H31: Tresury stock | I31: ='XEROX FSM'!E70 -> -76 | J31: ='HP FSM'!E70 -> 0 | M31: =SUM(I31:L31) -> -76
B32: Actual exchange ratio | C32: =C27*C22/C13 -> 0.29177125 | E32: Incremental deffered tax liabilities | F32: =IF(C29="Stock sale",F29*C40,0) -> 67.854286 | H32: Retained earnings/accumulated deficit | I32: ='XEROX FSM'!E71 -> 6312 | J32: ='HP FSM'!E71 -> -818 | M32: =SUM(I32:L32) -> 5494
H33: Other comprehensive income/(loss) | I33: ='XEROX FSM'!E72 -> -3646 | J33: ='HP FSM'!E72 -> -1225 | M33: =SUM(I33:L33) -> -4871
B34: Other Assumptions | E34: Intangible assets | H34: Total Shareholders' Equity | I34: =SUM(I30:I33) -> 5808 | J34: =SUM(J30:J33) -> -1193 | K34: =F10 -> 6225.1292 | L34: =-J34-F18 -> 1037.3718 | M34: =SUM(K34:L34,M30:M33) -> 11877.501
B35: Deal fees as % of offer value | C35: 0.005 | E35: Book value of target intangible assets | F35: 0
B36: Deal fees | C36: =C35*C24 -> 155.62823 | E36: % write-up | F36: 1.5 | H36: Balance sheet check | I36: =IF(ROUND(I19-SUM(I34,I27),3)=0,"YES","NO") -> YES | J36: =IF(ROUND(J19-SUM(J34,J27),3)=0,"YES","NO") -> YES | M36: =IF(ROUND(M19-SUM(M34,M27),3)=0,"YES","NO") -> YES
B37: Assumed annual pretax cost synergies | C37: 1500 | E37: Asset write-up | F37: =F35*F36 -> 0
B38: Xerox calendar year ending 2019 EBITDA | C38: ='XEROX FSM'!E47 -> 1302 | E38: Useful life | F38: 20 | H38: Credit Statistics | I38: XRX | J38: HPQ | M38: Pro Forma
B39: HP calendar year ending 2019 EBITDA | C39: ='HP FSM'!E47 -> 4871 | E39: Incremental amortization expense | F39: =F37/F38 -> 0 | H39: Total debt | I39: =SUM(I23,I25) -> 4282 | J39: =SUM(J23,J25) -> 4780 | M39: =SUM(M23,M25) -> 31472.465
B40: Acquirer tax rate | C40: ='XEROX FSM'!E42 -> 0.12142857 | E40: Incremental deffered tax liabilities | F40: =IF(C29="Stock sale",F37*C40,0) -> 0 | H40: Plus: noncontrolling interest | I40: 0 | J40: 0 | M40: 0
B41: Target tax rate | C41: ='HP FSM'!C42 -> 0.22893773 | H41: Plus: preferred stock | I41: 0 | J41: 0 | M41: 0
E42: Purchase Price Allocation | H42: Less: cash & equivalents | I42: =-(I11) -> -2740 | J42: =-(J11) -> -4537 | M42: =-(M11) -> -4495.3678
B43: Transaction Financing | E43: Target assets - book value | F43: =J19 -> 33467 | H43: Net debt | I43: =SUM(I39:I42) -> 1542 | J43: =SUM(J39:J42) -> 243 | M43: =SUM(M39:M42) -> 26977.097
B44: % cash consideration financed with debt | C44: 0.9 | E44: Plus: PP&E write ups | F44: =F29 -> 558.8
B45: % cash consideration financed with excess cash | C45: =1-C44 -> 0.1 | E45: Plus: intangible assets write ups | F45: =F37 -> 0 | H45: Equity value | I45: =C13*'XEROX FSM'!F32 -> 3435.4791 | J45: =C20*C23 -> 18093.15 | M45: =C13*(C30+C23) -> 27560.779
B46: Acquierer new borrowing | C46: =C44*C28*C24 -> 22410.465 | E46: Less: write off of target goodwill | F46: =-(J16) -> -6372 | H46: Enterprise value | I46: =I45+I43 -> 4977.4791 | J46: =J45+J43 -> 18336.15 | M46: =M45+M43 -> 54537.877
B47: Acquierer excess cash used | C47: =C45*C28*C24 -> 2490.0517 | E47: Less: write off of target deffered tax assets | F47: =-(J17) -> 0 | H47: EBITDA for the calendar year ending 2019 | I47: =C38 -> 1302 | J47: =C39 -> 4871 | M47: =I47+J47 -> 6173
B48: % of total acquierer cash balance | C48: =C47/C54 -> 0.90877798 | E48: Target assets - fair market value | F48: =SUM(F43:F47) -> 27653.8 | H48: Gross debt/EBITDA | I48: =SUM(I39:I41)/I47 -> 3.2887865 | J48: =SUM(J39:J41)/J47 -> 0.981318 | M48: =SUM(M39:M41)/M47 -> 5.0984068
H49: Enterprise value/EBITDA | I49: =I46/I47 -> 3.8229486 | J49: =J46/J47 -> 3.7643502 | M49: =M46/M47 -> 8.8349063
B50: Treatment of target debt | C50: Refinanced | E50: Target liabilities - book value | F50: =J27 -> 34660 | H50: Debt/equity | I50: =SUM(I39:I41)/I45 -> 1.2464055 | J50: =SUM(J39:J41)/J45 -> 0.26418838 | M50: =SUM(M39:M41)/M45 -> 1.1419294
B51: Debt to be refinanced | C51: =IF(C50="Assumed",0,C55) -> 4780 | E51: Plus: new deferred tax liabilities created | F51: =F40+F32 -> 67.854286
B52: Total acquisition financing | C52: =C44*C28*C24+C51 -> 27190.465 | E52: Target liabilities - fair market value | F52: =SUM(F50:F51) -> 34727.854 | H52: Accretion/Dilution
B54: Acquierer available cash | C54: ='XEROX FSM'!E52 -> 2740 | E54: Target net book value - fair market value | F54: =F48-F52 -> -7074.0543 | H54: Acquierer | K54: 2019 | L54: 2020 | M54: 2021
B55: Target debt outstanding | C55: ='HP FSM'!E64 -> 4780 | E55: Offer value | F55: =C24 -> 31125.646 | H55: Net income | K55: ='XEROX FSM'!E28 -> 1353 | L55: ='XEROX FSM'!F28 -> 1277.7912 | M55: ='XEROX FSM'!G28 -> 1074.291
E56: Goodwill created in transaction | F56: =F55-F54 -> 38199.7 | H56: EPS | K56: ='XEROX FSM'!E35 -> 5.8 | L56: ='XEROX FSM'!F35 -> 6.1184089 | M56: ='XEROX FSM'!G35 -> 5.5026604
B57: Term of loan | C57: 5 | H57: Diluted shares outstanding (weighted avg) | K57: ='XEROX FSM'!E32 -> 233.169 | L57: ='XEROX FSM'!F32 -> 208.84371 | M57: ='XEROX FSM'!G32 -> 195.23121
B58: Financing fees as % of acquisition financing | C58: 0.005
B59: Financing fees | C59: =C58*C52 -> 135.95233 | H59: Target
B60: Annual financing fee amortization | C60: =C59/C57 -> 27.190465 | H60: Net income | K60: ='HP FSM'!E28 -> 3152 | L60: ='HP FSM'!F28 -> 2794.2274 | M60: ='HP FSM'!G28 -> 3024.6565
H61: EPS | K61: ='HP FSM'!E35 -> 2.0682415 | L61: ='HP FSM'!F35 -> 1.9647218 | M61: ='HP FSM'!G35 -> 2.2431469
B62: Interest rate on new debt | C62: 0.045 | H62: Diluted shares outstanding (weighted avg) | K62: ='HP FSM'!E32 -> 1524 | L62: ='HP FSM'!F32 -> 1422.2001 | M62: ='HP FSM'!G32 -> 1348.3987
B63: Interest earned on cash | C63: 0.01
H64: Transaction Related Expenses/Income
H65: Less: Interest expense from new deal debt | K65: =-($C$62*SUM($K$25,$K$23,$L$23,$L$25)) -> -1008.4709 | L65: =-($C$62*SUM($K$25,$K$23,$L$23,$L$25)) -> -1008.4709 | M65: =-($C$62*SUM($K$25,$K$23,$L$23,$L$25)) -> -1008.4709
H66: Less: Interest income on cash forgone | K66: =$L$11*$C$63 -> -27.816322 | L66: =$L$11*$C$63 -> -27.816322 | M66: =$L$11*$C$63 -> -27.816322
H67: Plus: Synergies | K67: =$C$37 -> 1500 | L67: =$C$37 -> 1500 | M67: =$C$37 -> 1500
H68: Less: Incremental D&A expense | K68: =-($F$31+$F$39) -> -27.94 | L68: =-($F$31+$F$39) -> -27.94 | M68: =-($F$31+$F$39) -> -27.94
H69: Less: Financing fee amortization | K69: =-($C$60) -> -27.190465 | L69: =-($C$60) -> -27.190465 | M69: =-($C$60) -> -27.190465
H70: Taxes (assumed at acquirer's rate) | K70: =SUM(K65:K69)*$C$40 -> 49.613563 | L70: =SUM(L65:L69)*$C$40 -> 49.613563 | M70: =SUM(M65:M69)*$C$40 -> 49.613563
H71: Total after tax transaction related income/ (expenses) | K71: =SUM(K65:K70) -> 458.19585 | L71: =SUM(L65:L70) -> 458.19585 | M71: =SUM(M65:M70) -> 458.19585
H73: Pro forma earnings | K73: =K71+K60+K55 -> 4963.1958 | L73: =L71+L60+L55 -> 4530.2145 | M73: =M71+M60+M55 -> 4557.1433
H74: Pro forma shares outstanding | K74: =K57+$C$30 -> 611.59631 | L74: =L57+$C$30 -> 587.27102 | M74: =M57+$C$30 -> 573.65851
H76: Pro forma EPS | K76: =K73/K74 -> 8.1151501 | L76: =L73/L74 -> 7.71401 | M76: =M73/M74 -> 7.9440002
H77: Acquierer standalone EPS | K77: =K56 -> 5.8 | L77: =L56 -> 6.1184089 | M77: =M56 -> 5.5026604
H78: Accretion/(dilution) per share | K78: =K76-K77 -> 2.3151501 | L78: =L76-L77 -> 1.5956011 | M78: =M76-M77 -> 2.4413397
H79: Accretion/(dilution) % | K79: =K78/K77 -> 0.39916382 | L79: =L78/L77 -> 0.26078693 | M79: =M78/M77 -> 0.44366535
H80: Additional pretax synergies required to breakeven | K80: =MAX(0,-(K78*K74/(1-$C$40))) -> 0 | L80: =MAX(0,-(L78*L74/(1-$C$40))) -> 0 | M80: =MAX(0,-(M78*M74/(1-$C$40))) -> 0
H82: Accretion/Dilution - Year 1 (Offer price to percent stock)
H83: =K78 -> 2.3151501 | I83: 24 | J83: =I83+1 -> 25 | K83: =J83+1 -> 26 | L83: =K83+1 -> 27 | M83: =L83+1 -> 28
H84: 1 | I84: -2.9072289 | J84: -3.0107329 | K84: -3.1070882 | L84: -3.1970107 | M84: -3.2811236
H85: =H84-0.2 -> 0.8 | I85: -2.4501842 | J85: -2.5737778 | K85: -2.6890476 | L85: -2.7968072 | M85: -2.8977673
H86: =H85-0.2 -> 0.6 | I86: -1.7403567 | J86: -1.8934927 | K86: -2.0367262 | L86: -2.1709876 | M86: -2.2970944
H87: =H86-0.2 -> 0.4 | I87: -0.48786957 | J87: -0.68818717 | K87: -0.87650728 | L87: -1.0538764 | M87: -1.2212228
H88: =H87-0.2 -> 0.2 | I88: 2.3146236 | J88: 2.0318332 | K88: 1.7629097 | L88: 1.5068575 | M88: 1.2627741

Sheet CONTRIBUTION
B1: ($) in millions, except per share
B2: Contribution & Valuation
B4: Market Value | C4: Xerox | D4: HP | E4: Pro forma
B5: Price per share | C5: ='XEROX FSM'!C6 -> 16.45 | D5: =MERGER!C22 -> 23.998185
B6: Diluted shares outstanding | C6: ='XEROX FSM'!E32 -> 233.169 | D6: ='HP FSM'!E32 -> 1524
B7: Equity value | C7: =C6*C5 -> 3835.6301 | D7: =D6*D5 -> 36573.234
B8: Net debt | C8: ='XEROX DCF'!C54 -> 1542 | D8: ='HP DCF'!C54 -> 243
B9: Enterprise value | C9: =C7+C8 -> 5377.63 | D9: =D7+D8 -> 36816.234
B11: Contribution $
B12: Revenue (FY+1) | C12: ='XEROX FSM'!F14 -> 9156.66 | D12: ='HP FSM'!F14 -> 59343.56 | E12: =C12+D12 -> 68500.22
B13: EBITDA (FY+1) | C13: ='XEROX FSM'!F47 -> 731.44833 | D13: ='HP FSM'!F47 -> 4888.6345 | E13: =C13+D13 -> 5620.0828
B14: Net income (FY+1) | C14: ='XEROX FSM'!F28 -> 1277.7912 | D14: ='HP FSM'!F28 -> 2794.2274 | E14: =C14+D14 -> 4072.0186
B16: Contribution %
B17: Revenue (FY+1) | C17: =C12/$E$12 -> 0.13367344 | D17: =D12/$E$12 -> 0.86632656 | E17: =E12/$E$12 -> 1
B18: EBITDA (FY+1) | C18: =C13/$E$13 -> 0.13014903 | D18: =D13/$E$13 -> 0.86985097 | E18: =E13/$E$13 -> 1
B19: Net income (FY+1) | C19: =C14/$E$14 -> 0.31379798 | D19: =D14/$E$14 -> 0.68620202 | E19: =E14/$E$14 -> 1
B20: Enterprise value | C20: =C9/SUM($C$9:$D$9) -> 0.12745052 | D20: =D9/SUM($C$9:$D$9) -> 0.87254948 | E20: =SUM(C20:D20) -> 1
B22: Multiples
B23: Revenue (FY+1) | C23: =$C$9/C12 -> 0.58729166 | D23: =$C$9/D12 -> 0.090618595 | E23: =SUM($C$9:$D$9)/E12 -> 0.61596684
B24: EBITDA (FY+1) | C24: =$C$9/C13 -> 7.35203 | D24: =$C$9/D13 -> 1.100027 | E24: =SUM($C$9:$D$9)/E13 -> 7.5076944
B25: Net income (FY+1) | C25: =$C$7/C14 -> 3.0017658 | D25: =$C$7/D14 -> 1.3726979 | E25: =SUM($C$7:$D$7)/E14 -> 9.9235459
B27: Implied Target Valuation Based on | D27: YR 1 Revenue | E27: YR 1 EBITDA
B28: Xerox enterprise value | D28: =C9 -> 5377.63 | E28: =C9 -> 5377.63
B29: Pro forma enterprise value | D29: =D28/C17 -> 40229.608 | E29: =E28/C18 -> 41319.017
B30: Implied HP enterprise value | D30: =D29-D28 -> 34851.978 | E30: =E29-E28 -> 35941.387
B31: HP net debt | D31: =$D$8 -> 243 | E31: =$D$8 -> 243
B32: Implied HP equity value | D32: =D30-D31 -> 34608.978 | E32: =E30-E31 -> 35698.387
B34: Implied HP share price | D34: =D32/$D$6 -> 22.709303 | E34: =E32/$D$6 -> 23.424139
B35: Offer price | D35: =$D$5 -> 23.998185 | E35: =$D$5 -> 23.998185
B36: Offer price premium/(discount) to target valuation | D36: =D35/D34-1 -> 0.05675568 | E36: =E35/E34-1 -> 0.024506613
B38: Implied Target Valuation Based on | E38: YR 1 Net Income
B39: Xerox equity value | E39: =C7 -> 3835.6301
B40: Pro forma equity value | E40: =E39/C19 -> 12223.246
B41: Implied HP equity value | E41: =E40-E39 -> 8387.6163
B43: Implied HP share price | E43: =E41/D6 -> 5.5036853
B44: Offer price | E44: =MERGER!C22 -> 23.998185
B45: Offer price premium/(discount) to target valuation | E45: =E44/E43-1 -> 3.3603847
B47: Summary
B48: Implied HP share price based on
B49: Revenue contribution (FY+1) | E49: =D34 -> 22.709303
B50: EBITDA contribution (FY+1) | E50: =E34 -> 23.424139
B51: Net income contribution (FY+1) | E51: =E43 -> 5.5036853
B52: Offer price | E52: =MERGER!C22 -> 23.998185

Sheet EXCHANGE
B1: ($) in millions, except per share
B2: Exchange Ratios
C4: Share Price | F4: Fixed Exchange Ratio | J4: Floating Exchange Ratio | M4: Fixed Exchange w/Collar | P4: Floating Exchange w/Collar
C5: Pre-deal | D5: Announcement | F5: Acquirer | G5: Offer Value | H5: Exchange Ratio | J5: Offer Value | K5: Exchange Ratio | M5: Offer Value | N5: Exchange Ratio | P5: Offer Value | Q5: Exchange Ratio
B6: Xerox | C6: ='XEROX FSM'!C6 -> 16.45 | D6: =C6 -> 16.45 | F6: =C20 -> 20 | G6: =F6*$C$16 -> 37842.731 | H6: =$C$14 -> 1.4588562 | J6: =$D$18 -> 31125.646 | K6: =$D$13/F6 -> 1.1999092 | M6: =$D$18 -> 31125.646 | N6: =$D$7/F6 -> 1.1999092 | P6: =Q6*F6*$C$15 -> 23942.805 | Q6: =$Q$9 -> 0.92300712
B7: HP | C7: ='HP FSM'!C6 -> 13.95 | D7: =D8*D6 -> 23.998185 | F7: =F6+2 -> 22 | G7: =F7*$C$16 -> 41627.004 | H7: =$C$14 -> 1.4588562 | J7: =$D$18 -> 31125.646 | K7: =$D$13/F7 -> 1.0908266 | M7: =$D$18 -> 31125.646 | N7: =$D$7/F7 -> 1.0908266 | P7: =Q7*F7*$C$15 -> 26337.085 | Q7: =$Q$9 -> 0.92300712
B8: Exchange ratio | C8: =C7/C6 -> 0.84802432 | D8: =D7/D6 -> 1.4588562 | F8: =F7+2 -> 24 | G8: =F8*$C$16 -> 45411.277 | H8: =$C$14 -> 1.4588562 | J8: =$D$18 -> 31125.646 | K8: =$D$13/F8 -> 0.99992437 | M8: =$C$16*F8 -> 45411.277 | N8: =$C$14 -> 1.4588562 | P8: =$D$18 -> 31125.646 | Q8: =$C$13/F8 -> 0.99992437
F9: =F8+2 -> 26 | G9: =F9*$C$16 -> 49195.55 | H9: =$C$14 -> 1.4588562 | J9: =$D$18 -> 31125.646 | K9: =$D$13/F9 -> 0.92300712 | M9: =$C$16*F9 -> 49195.55 | N9: =$C$14 -> 1.4588562 | P9: =$D$18 -> 31125.646 | Q9: =$C$13/F9 -> 0.92300712
C10: Exchange Ratio | F10: =F9+2 -> 28 | G10: =F10*$C$16 -> 52979.823 | H10: =$C$14 -> 1.4588562 | J10: =$D$18 -> 31125.646 | K10: =$D$13/F10 -> 0.85707804 | M10: =M9 -> 49195.55 | N10: =$D$7/F10 -> 0.85707804 | P10: =Q10*F10*$C$15 -> 33519.926 | Q10: =$Q$9 -> 0.92300712
C11: Fixed | D11: Floating | F11: =F10+2 -> 30 | G11: =F11*$C$16 -> 56764.096 | H11: =$C$14 -> 1.4588562 | J11: =$D$18 -> 31125.646 | K11: =$D$13/F11 -> 0.7999395 | M11: =M10 -> 49195.55 | N11: =$D$7/F11 -> 0.7999395 | P11: =Q11*F11*$C$15 -> 35914.207 | Q11: =$Q$9 -> 0.92300712
B12: Acquirer closing share price | C12: ='XEROX FSM'!C6 -> 16.45 | D12: =C12 -> 16.45
B13: Target closing share price | C13: =C12*D8 -> 23.998185 | D13: =C13 -> 23.998185
B14: Exchange ratio | C14: =C13/C12 -> 1.4588562 | D14: =D13/D12 -> 1.4588562
B15: Target pre-deal shares out. | C15: =MERGER!C23 -> 1297 | D15: =C15 -> 1297
B16: New acquirer shares issued | C16: =C15*D8 -> 1892.1365 | D16: =D15*D14 -> 1892.1365
B17: Deal value at announcement | C17: =C16*D6 -> 31125.646 | D17: =D15*D8*D6 -> 31125.646
B18: Deal value at close | C18: =C16*C12 -> 31125.646 | D18: =D16*D12 -> 31125.646
B20: Walk-away | C20: 20 | D20: =C20 -> 20
B21: Floor | C21: 22 | D21: =C21 -> 22
B22: Cap | C22: 30 | D22: =C22 -> 30
